 Dungeon Crawl Stone Soup version 0.18-a0-912-g81d1dc4 (webtiles) character file.

13975291 Raultor the Grand Master (level 27, 209/235 (249) HPs)
             Began as a Demonspawn Monk on Dec 22, 2015.
             Was the Champion of Makhleb.
             Escaped with the Orb
             ... and 15 runes on Dec 25, 2015!
             The game lasted 12:21:02 (115088 turns).

Raultor the Grand Master (Demonspawn Monk)        Turns: 115088, Time: 12:21:03

HP:   209/235 (249) AC: 32    Str: 26    XL:     27
MP:   28/31         EV: 31    Int: 11    God:    Makhleb [******]
Gold: 16200         SH: 31    Dex: 21    Spells: 13 memorised, 16 levels left

rFire  + + .     SeeInvis +       - Unarmed
rCold  + + +     Gourm    .     P - +7 faerie dragon armour {rElec rN+}
rNeg   + + +     Faith    .     H - +1 large shield of Sin {rC++ Regen+ Str+8 Stlth-}
rPois  +         Spirit   +     f - +1 hat of Keryriff {+Inv rPois Regen+ MP-9}
rElec  +         Dismiss  .     E - +2 cloak {MR+}
rCorr  .         Reflect  +     (gloves unavailable)
SustAt .         Harm     .     o - +2 pair of boots of the Gardener {+Inv rF++ Regen+ Stlth+}
MR     +++..                    U - amulet "Forget-Me-Not" {Reflect SH+3 SInv Stlth+}
Stlth  +.........               T - ring of positive energy {rN+}
                                x - ring of positive energy {rN+}

@: repel missiles, extremely resistant to hostile enchantments, very unstealthy
A: claws 3, icy blue scales 3, cold resistance 1, dopey 1, low mp 1, mutation
resistance 1, passive freeze, powered by death 3, magic shield, magic
regeneration, magic link, freezing cloud immunity
a: Minor Destruction, Lesser Servant of Makhleb, Major Destruction, Greater
Servant of Makhleb, Renounce Religion, Evoke Invisibility
0: Orb of Zot
}: 15/15 runes: decaying, slimy, silver, golden, iron, obsidian, icy, bone,
abyssal, demonic, glowing, magical, fiery, dark, gossamer


You escaped.
You worshipped Makhleb.
Makhleb was exalted by your worship.
You were hungry.

You visited 18 branches of the dungeon, and saw 93 of its levels.
You visited Pandemonium 2 times, and saw 55 of its levels.
You visited the Abyss 3 times.
You visited 1 bazaar.
You also visited: Ossuary, Ice Cave, Volcano and Wizlab.

You collected 19278 gold pieces.
You spent 3078 gold pieces at shops.

Inventory:

Armour
 f - the +1 hat of Keryriff (worn) {+Inv rPois Regen+ MP-9}
   (You found it on level 2 of the Crypt)

   It protects you from poison.
   It affects your magic capacity (-9).
   It lets you turn invisible.
   It increases your rate of regeneration.
 o - the +2 pair of boots of the Gardener (worn) {+Inv rF++ Regen+ Stlth+}
   (You found it in Pandemonium)

   It greatly protects you from fire.
   It lets you turn invisible.
   It increases your rate of regeneration.
   It makes you more stealthy.
 A - a +2 pair of boots of flying
   (You bought it in a shop on level 2 of the Orcish Mines)
 E - a +2 cloak of magic resistance (worn)
   (You acquired it on level 5 of the Lair of Beasts)
 H - the +1 large shield of Sin (worn) {rC++ Regen+ Str+8 Stlth-}
   (You took it off Louise on level 3 of the Elven Halls)

   It affects your strength (+8).
   It greatly protects you from cold.
   It increases your rate of regeneration.
   It makes you less stealthy.
 P - the +7 faerie dragon armour (worn) {rElec rN+}
   (You took it off the Enchantress on level 4 of the Depths)

   It insulates you from electricity.
   It protects you from negative energy.
Jewellery
 i - an uncursed ring of sustain attributes
   (You found it on level 1 of the Dungeon)
 t - an uncursed amulet of resist corrosion {rCorr, !d}
   (You found it on level 7 of the Dungeon)
 x - a ring of positive energy (left claw) {rN+}
   (You found it on level 4 of the Dungeon)
 T - a ring of positive energy (right claw) {rN+}
   (You found it on level 15 of the Dungeon)
 U - the amulet "Forget-Me-Not" (around neck) {Reflect SH+3 SInv Stlth+}
   (You took it off a deep elf demonologist on level 3 of the Elven Halls)

   [amulet of reflection]

   It shields you and reflects attacks.
   It lets you see invisible.
   It affects your SH (+3).
   It makes you more stealthy.
Wands
 g - a wand of disintegration (16/24)
   (You found it on level 4 of the Vaults)
 u - a wand of teleportation (6/9)
   (You found it on level 2 of the Swamp)
 O - a wand of hasting (4/9)
   (You found it on level 1 of the Swamp)
 W - a wand of digging (13/24)
   (You found it on level 14 of the Dungeon)
Scrolls
 a - 14 scrolls of enchant armour
 d - 41 scrolls of identify
 e - 9 scrolls of amnesia
 j - 7 scrolls of magic mapping {!r}
 p - 36 scrolls of remove curse
 D - 20 scrolls of recharging
 M - 6 scrolls of summoning
 N - 5 scrolls of teleportation
 Q - 2 scrolls of silence
 Y - 7 scrolls of blinking {!r}
 Z - 14 scrolls of fear
Potions
 k - 5 potions of resistance
 l - 11 potions of brilliance
 n - 3 potions of agility
 q - 8 potions of magic
 s - 6 potions of might
 v - 6 potions of invisibility
 w - 21 potions of curing
 y - 3 potions of flight
 B - 4 potions of cancellation
 C - 10 potions of haste
 I - 6 potions of berserk rage {!q}
 J - 6 potions of cure mutation {!q}
 X - 11 potions of heal wounds
Miscellaneous
 h - the horn of Geryon
   (You took it off Geryon in the Vestibule of Hell)
 m - a phial of floods
   (You found it on level 3 of the Elven Halls)
 G - a lamp of fire
   (You found it on level 3 of the Elven Halls)
 K - a fan of gales
   (You found it on level 1 of the Spider Nest)
 L - a phantom mirror
 S - a stone of tremors
   (You found it on level 11 of the Dungeon)
Comestibles
 b - 30 bread rations {@e1}
 c - 44 meat rations {@e2}
 z - 21 slices of pizza
 R - 104 fruits


   Skills:
 O Level 27 Fighting
 - Level 22.0 Armour
 - Level 22.0 Dodging
 - Level 1.7 Stealth
 - Level 25.1 Shields
 O Level 27 Unarmed Combat
 + Level 18.5 Spellcasting
 - Level 5.8 Conjurations
 - Level 17.1 Charms
 - Level 13.3 Necromancy
 * Level 25.7 Translocations
 - Level 2.0 Fire Magic
 - Level 13.1 Invocations
 - Level 17.6 Evocations


You had 16 spell levels left.
You knew the following spells:

 Your Spells              Type           Power        Failure   Level  Hunger
a - Shroud of Golubria    Chrm/Tloc      ######....   0%          2    None
b - Controlled Blink      Tloc           N/A          2%          8    #######
c - Conjure Flame         Conj/Fire      ###.....     3%          3    None
d - Repel Missiles        Chrm/Air       ####..       1%          2    None
e - Dispel Undead         Necr           #####...     1%          5    ####...
f - Cigotuvi's Embrace    Necr           #####.....   1%          5    ####...
g - Apportation           Tloc           ######....   0%          1    None
h - Haste                 Chrm           #####...     1%          6    ######.
i - Deflect Missiles      Chrm/Air       ####......   30%         6    ######.
r - Regeneration          Chrm/Necr      #####.....   1%          3    None
s - Swiftness             Chrm/Air       ####....     1%          2    None
z - Spectral Weapon       Hex/Chrm       ####....     1%          3    None
B - Summon Butterflies    Summ           ##......     8%          1    None


Dungeon Overview and Level Annotations

Branches:
Dungeon (15/15)            Temple (1/1) D:5            Lair (8/8) D:9
  Swamp (4/4) Lair:6       Spider (4/4) Lair:5        Slime (6/6) Lair:6
    Orc (2/2) D:11            Elf (3/3) Orc:2        Vaults (5/5) D:14
  Crypt (3/3) Vaults:2       Tomb (3/3) Crypt:3      Depths (5/5) D:15
   Hell (1/1)                 Dis (7/7) Hell            Geh (7/7) Hell
    Nor (7/7) Hell            Tar (7/7) Hell            Zot (5/5) Depths:5

Altars:
Ashenzari
Cheibriados
Dithmenos
Elyvilon
Fedhas
Gozag
Kikubaaqudgha
Makhleb
Nemelex Xobeh
Okawaru
Pakellas
Qazlal
Ru
Sif Muna
Trog
Vehumet
Xom
Yredelemnul
Zin
The Shining One
Beogh
Jiyva
Lugonu

Shops:
D:11 %   Orc:2 [?(!}   Vaults:1 %[}   Vaults:2 !   Vaults:4 [   Vaults:5 :
Depths:2 %![*   Depths:3 }

Portals:
Hell: Depths:1 Depths:2 Depths:3 Depths:4 Depths:5
Abyss: Depths:2 Depths:4
Pandemonium: Depths:3
Ziggurat: Hell Depths:5

Annotations:
Depths:4 exclusion: downstairs
Nor:6 exclusion: zombie
Zot:5 1 exclusion


Innate Abilities, Weirdness & Mutations

You have claws for hands.
You are completely covered in icy blue scales (AC +4, EV -1, rC+).
Your flesh is cold resistant.
A frigid envelope surrounds you and freezes all who hurt you.
You regenerate a lot of health from kills.
When hurt, damage is shared between your health and your magic reserves.
You regenerate magic rapidly.
When low on magic, you restore magic in place of health.
You are immune to freezing clouds.
You are dopey. (Int -2)
Your magical capacity is low (-10% MP).
You are somewhat resistant to further mutation.


Message History

You take 6 damage, and have 229/235 hp.
You now have 30/31 mp.
You barely miss the Executioner. You block the Executioner's attack.
You block the Executioner's attack. The Executioner closely misses you.
You regained 2 hp, and now have 231/235 hp.
MP restored: 31 You eviscerate the Executioner!!!
The Executioner completely misses you. The Executioner completely misses you.
You block the Executioner's attack. The Executioner completely misses you.
You block the Executioner's attack. The Executioner closely misses you.
You regained 2 hp, and now have 233/235 hp.
You closely miss the Executioner. The Executioner completely misses you.
You block the Executioner's attack. x2
Health restored: 235 You mangle the Executioner!!
You kill the Executioner!
Makhleb accepts your kill.
No target in view!
You see here a giant spiked club.
You see here 23 bolts.
A sixfirhy comes into view.
You block the sixfirhy's attack. The sixfirhy completely misses you.
You block the sixfirhy's attack. x2
You miss the sixfirhy. You closely miss the sixfirhy. You claw the sixfirhy!
You eviscerate the sixfirhy!!!
You kill the sixfirhy!
Makhleb accepts your kill.
No target in view!
There is a stone staircase leading up here.
You climb upwards.
There is a stone staircase leading down here.
There is a stone staircase leading up here.
You climb upwards.
You feel less regenerative.
There is a stone staircase leading down here.
An Orb Guardian comes into view.
You eviscerate the Orb Guardian!!! You eviscerate the Orb Guardian!!!
You kill the Orb Guardian!
Makhleb accepts your kill.
No target in view!
No target in view!
There is a stone staircase leading up here.
You climb upwards.
There is a stone staircase leading down here.
An ice devil comes into view.
You mangle the ice devil!! You claw the ice devil!
You block the ice devil's attack.
You claw the ice devil!
You kill the ice devil!
Makhleb accepts your kill.
No target in view!
You feel less regenerative.
You see here a hunting sling.
An angel comes into view. It is wielding a whip of holy wrath.
The angel completely misses you. You block the angel's attack.
You eviscerate the angel!!!
You are feeling hungry.
You eviscerate the angel!!!
The angel hits you with a whip of holy wrath.
You convulse.
The angel is very cold.
You kill the angel!
Makhleb accepts your kill.
You feel better.
No target in view!
There is a stone staircase leading up here.
You climb upwards.
There is a stone staircase leading down here.
You feel less regenerative.
There is a stone staircase leading up here.
You climb upwards.
There is a stone staircase leading down here.
There is a stone staircase leading up here.
You climb upwards.
There is a stone staircase leading down here.
You see here a whip.
A Hell Sentinel comes into view.
You block the Hell Sentinel's attack. x2
A soul eater comes into view.
You block the Hell Sentinel's attack.
The Hell Sentinel completely misses you.
The Hell Sentinel gestures at you.
The hellfire explodes!
The blast of hellfire engulfs you!
The blast of hellfire engulfs the Hell Sentinel.
The Hell Sentinel completely resists.
There is a staircase leading out of the dungeon here.
You take 24 damage, and have 211/235 hp.
You now have 28/31 mp.
Unknown command.
Your blink will be uncontrolled - continue anyway? [Y]es or [N]o only, please.
Your blink will be uncontrolled - continue anyway? [Y]es or [N]o only, please.
Your blink will be uncontrolled - continue anyway?
You scratch the Hell Sentinel but do no damage.
You block the Hell Sentinel's attack. The Hell Sentinel hits you.
The Hell Sentinel completely resists.
You have escaped!

.........# ##.......##
#.###.#.#
........####....#....####(#
##.##
####.##.#......#.#...)....#
### #
#..#.......#...#(......#######
#
##..#.#####....(#####.........
#
#..#..#...........#...#######
# ##.#...#.........#..#.# # #
#..#..#....@...3#..#.# #
#######...#......1....#...# #
....# #..#####)....#####..# #
###.# #.......#...#.......# #
#.#
###.#.#..#.#..##.##########
#.# #...#...#..###.#.........
###.#####..##.....##
#...........
...........##..#.##
#....#######


You could see a Hell Sentinel and a soul eater.

Vanquished Creatures
  Cerebov (Pan)
  Antaeus (Nor:7)
  Asmodeus (Geh:7)
  the Royal Jelly (Slime:6)
  Ereshkigal (Tar:7)
  Gloorx Vloq (Pan)
  Ignacio (Pan)
  A seraph (Pan)
  Mnoleg (Pan)
  the Serpent of Hell (Nor:7)
  Lom Lobon (Pan)
  Dispater (Dis:7)
  The ghost of MordorOrchid the Ninja, a legendary SpWz of Gozag (Pan)
  Mara (Vaults:4)
  3 orbs of fire (Zot:5)
  9 ancient liches
  Mennas (Pan)
  2 juggernauts (Depths:5)
  33 greater mummies
  Sojobo (Crypt:3)
  14 iron giants (Dis:7)
  13 shard shrikes
  Norris (Elf:3)
  Frederick (Depths:4)
  Saint Roka (Elf:3)
  4 Killer Klowns
  2 curse toes
  19 pandemonium lords (Pan)
  Geryon (Hell)
  The ghost of bsdbeard the Warrior, a veteran VSAs of Yredelemnul (Slime:6)
  12 golden dragons
  Nikola (Spider:1)
  The ghost of hadoken the Markself, a veteran HEWr of Okawaru (Vaults:5)
  A profane servitor (Abyss:4)
  the Enchantress (Depths:4)
  Arachne (Spider:2)
  19 bone dragons
  27 doom hounds
  3 electric golems (Zot:5)
  A Hellbinder (WizLab)
  Jorgrun (Depths:1)
  A hellephant (Abyss:4)
  29 Brimstone Fiends
  20 liches
  17 Hell Sentinels
  22 Ice Fiends
  20 tentacled monstrosities
  A quicksilver dragon (Vaults:5)
  33 Shadow Fiends
  25 Orb Guardians
  3 deep elf blademasters (Elf:3)
  7 titans
  19 acid blobs
  A deep elf master archer (Elf:3)
  36 Executioners
  12 death cobs
  9 tentacled starspawn
  Gastronok (Lair:1)
  8 eldritch tentacles
  14 sphinxes
  25 warmongers (Pan)
  10 ancient champions
  7 tengu reavers
  A thorn hunter (Swamp:4)
  13 shadow dragons
  2 revenants
  8 storm dragons
  8 azure jellies
  7 draconian monks
  Roxanne (Spider:3)
  13 daevas (Pan)
  11 frost giants
  Donald (Orc:2)
  14 fire giants
  20 vault wardens
  Louise (Elf:3)
  6 emperor scorpions (Spider:4)
  A ghost moth (shapeshifter) (Elf:3)
  17 black suns (Pan)
  2 draconian knights
  3 draconian scorchers
  9 iron dragons
  6 curse skulls
  10 deep elf sorcerers
  3 draconian shifters
  34 cacodemons
  2 deep elf elementalists (Vaults:5)
  62 balrugs
  5 draconian zealots
  5 ghouls (Crypt:1)
  5 ghost moths
  2 juggernaut zombies
  23 angels
  4 orc warlords
  11 ophanim (Pan)
  97 reapers
  20 ironheart preservers
  A caustic shrike skeleton (Crypt:3)
  9 draconian annihilators
  5 spriggan defenders
  A juggernaut skeleton (Crypt:3)
  2 war gargoyles
  2 vampire knights
  4 elemental wellsprings
  18 apis (Pan)
  34 stone giants
  Nessos (Orc:2)
  7 deep elf demonologists
  8 bennus
  3 draconian callers
  23 very ugly things
  12 salamander stormcallers
  15 green draconians
  16 corrupters
  6 black draconians
  7 spark wasps
  13 blood saints
  16 lorocyprocas
  10 white draconians
  15 chaos champions (Pan)
  9 dire elephants
  6 deep elf annihilators
  9 red draconians
  14 eidola
  13 mottled draconians
  8 purple draconians
  10 yellow draconians
  Snorg (Lair:8)
  A merfolk impaler (Depths:4)
  39 blizzard demons
  3 death oozes
  9 quicksilver dragon zombies
  12 deep elf death magi
  12 great orbs of eyes
  7 jiangshi
  22 mummy priests
  21 ettins
  13 yaktaur captains
  17 fire dragons
  4 deep elf high priests
  33 vault guards
  23 green deaths
  3 kraken zombies
  Harold (Lair:1)
  12 rakshasas
  9 hell beasts
  Erolcha (Orc:1)
  3 quicksilver dragon skeletons
  6 ghost crabs
  34 ice dragons
  24 monstrous demonspawn (Pan)
  11 hydras
  10 entropy weavers
  14 centaur warriors
  18 ogre magi
  12 spriggan air magi
  4 death knights
  2 alligators (Swamp:4)
  A catoblepas (Lair:4)
  8 deep troll shamans
  27 dancing weapons
  13 death yaks (Lair:5)
  2 shock serpents (shapeshifter) (Vaults:5)
  A queen ant (Lair:3)
  17 thrashing horrors
  8 tengu warriors
  9 spriggan berserkers
  71 soul eaters
  13 titan zombies
  13 vampire magi
  11 deep troll earth magi
  Sonja (D:13)
  24 hell hogs
  7 orc high priests
  31 deep elf knights
  27 small abominations
  The ghost of ThermosAquaticus the Destroyer, a novice OpCj (D:8)
  23 hell knights
  8 wretched stars (Abyss:4)
  10 spriggans
  5 storm dragon zombies
  24 shadow wraiths
  8 titan skeletons
  89 sun demons
  3 salamander mystics
  155 skeletal warriors
  3 spatial maelstroms (Abyss:4)
  5 storm dragon skeletons
  11 cherubim (Pan)
  19 iron trolls
  10 anaconda zombies
  3 death drakes
  81 death scarabs
  30 gelid demonspawn (Pan)
  17 infernal demonspawn (Pan)
  27 shadow demons
  35 flayed ghosts
  8 unseen horrors
  2 golden dragon zombies
  3 spriggan druids
  A sea snake (shapeshifter) (Vaults:5)
  7 giant orange brains
  27 torturous demonspawn
  A kraken simulacrum (Nor:7)
  A lindwurm (shapeshifter) (Depths:4)
  A swamp dragon (shapeshifter) (Vaults:2)
  34 deep trolls
  14 putrid demonspawn (Pan)
  11 swamp dragons
  4 anaconda skeletons
  3 shadow dragon zombies
  7 hill giants
  16 deep elf archers
  18 orc knights
  26 anubis guards
  2 golden dragon skeletons
  2 shambling mangroves (Swamp:3)
  27 necromancers
  3 harpies (Vaults:4)
  16 ironbrand convokers
  11 orc sorcerers
  7 shining eyes
  20 orb spiders
  26 phantasmal warriors
  5 shadow dragon skeletons
  13 iron dragon zombies
  58 ugly things
  5 griffons
  12 fire giant zombies
  4 wolf spider zombies
  29 wolf spiders
  9 stone giant zombies
  56 deep elf magi
  42 sixfirhies
  6 hornets
  5 wizards
  8 frost giant zombies
  2 oklob plants
  A faun (shapeshifter) (Vaults:5)
  6 iron dragon skeletons
  11 stone giant skeletons
  12 salamanders
  4 worldbinders
  13 elephants
  25 moths of wrath
  38 starcursed masses
  3 spriggan zombies
  A guardian serpent (shapeshifter) (Vaults:3)
  8 vault sentinels
  7 dire elephant zombies
  2 apocalypse crabs (Abyss:4)
  6 cyclopes
  8 black mambas
  9 frost giant skeletons
  A mana viper (shapeshifter) (Elf:1)
  27 rust devils
  4 molten gargoyles
  6 fire giant skeletons
  A guardian serpent (Abyss:4)
  9 human skeletons
  39 orange demons
  An octopode (shapeshifter) (Depths:3)
  25 spiny frogs
  3 eyes of devastation
  A spiny frog (shapeshifter) (D:14)
  2 torpor snails
  A salamander skeleton (Vaults:2)
  38 hellions
  6 titan simulacra (Nor:7)
  79 smoke demons
  3 storm dragon simulacra
  4 gargoyles
  5 kobold demonologists
  A pale draconian zombie (Crypt:2)
  6 emperor scorpion zombies
  2 catoblepas zombies
  31 yaktaurs
  6 dire elephant skeletons
  2 shock serpent skeletons (Tomb:2)
  12 efreet
  9 komodo dragons
  24 demonic crawlers
  36 hellwings
  An elf (Depths:2)
  7 fire drakes
  56 tormentors
  A golden dragon simulacrum (Depths:2)
  A catoblepas skeleton (Tar:1)
  2 anaconda simulacra
  2 yaktaur skeletons
  A jumping spider (shapeshifter) (D:14)
  67 red devils
  6 tengu conjurers
  4 trolls
  An elf skeleton (Depths:4)
  50 guardian mummies
  A queen bee (Spider:4)
  49 ice devils
  2 polar bears
  A sea snake skeleton (Crypt:2)
  17 hydra zombies
  12 raiju
  A tengu simulacrum (Depths:4)
  4 silent spectres
  42 freezing wraiths
  27 jumping spiders
  11 ancient zymes
  A merfolk (shapeshifter) (Vaults:5)
  2 raiju (shapeshifter)
  3 giant leeches
  6 harpy skeletons
  7 boulder beetles
  A shadow dragon simulacrum (Depths:4)
  A minotaur skeleton (Geh:5)
  A blink frog (shapeshifter) (Vaults:1)
  10 bog bodies
  13 ice dragon zombies
  A trapdoor spider zombie (D:14)
  9 hydra skeletons
  29 two-headed ogres
  A centaur simulacrum (D:15)
  A wolf spider simulacrum (Nor:7)
  10 alligator zombies
  69 large abominations
  148 slime creatures
  A sphinx simulacrum (Depths:2)
  8 ushabtiu
  14 blink frogs
  7 ettin zombies
  2 fire dragon zombies
  11 air elementals
  A guardian serpent skeleton (Crypt:2)
  5 alligator skeletons
  2 black mamba zombies
  21 vampires
  56 redbacks
  A spriggan (shapeshifter) (Depths:4)
  11 ettin skeletons
  18 trapdoor spiders
  A shock serpent simulacrum (Abyss:4)
  8 fire dragon skeletons
  169 flying skulls
  2 wyverns
  2 elf zombies
  37 wraiths
  28 shadows
  36 water elementals
  76 yaks
  5 ice dragon skeletons
  22 tarantellas
  23 fire elementals
  5 basilisks
  A fire bat (Volcano)
  A fire giant simulacrum (Depths:2)
  A hill giant zombie (Crypt:1)
  64 ynoxinuls
  9 humans
  7 hungry ghosts
  8 hippogriffs
  17 golden eyes
  A hippogriff (shapeshifter) (Depths:5)
  2 steam dragons
  32 vampire mosquitoes
  2 human simulacra
  44 neqoxecs
  A yaktaur simulacrum (Vaults:2)
  19 swamp worms
  3 mottled dragons
  A deep troll zombie (Vaults:4)
  13 soldier ants
  15 wolves
  40 chaos spawn
  8 wargs
  6 hydra simulacra
  2 spatial vortices
  12 spiny frog zombies
  A water nymph skeleton (Crypt:3)
  17 porcupines
  19 water moccasins
  An ettin simulacrum (Vaults:4)
  A merfolk skeleton (Geh:7)
  52 hell hounds
  40 orc warriors
  7 spiny frog skeletons
  2 sky beasts
  22 centaurs
  2 manticore zombies
  5 snapping turtle zombies
  18 necrophages
  22 wasps
  19 ice beasts
  56 ogres
  14 swamp drakes
  2 swamp dragon zombies
  2 boggarts
  5 phantoms
  8 eyes of draining
  6 snapping turtle skeletons
  2 swamp dragon skeletons
  4 manticore skeletons
  2 orc skeletons
  An alligator simulacrum (Nor:4)
  14 crocodiles
  2 big kobolds
  13 giant frogs
  A vine stalker zombie (Crypt:2)
  6 earth elementals
  A cyclops zombie (Crypt:2)
  2 spiny frog simulacra
  2 wyvern zombies
  A wyvern skeleton (D:14)
  6 scorpions
  2 raiju zombies
  A snapping turtle simulacrum (Nor:5)
  A hippogriff zombie (Crypt:1)
  10 killer bees (Spider:4)
  2 spectral wolves (Depths:2)
  3 vampire bats (Orc:2)
  2 troll skeletons
  11 electric eels
  98 wights
  2 quasits (Abyss:4)
  7 crimson imps
  9 hounds
  5 lava snakes (Volcano)
  10 centaur zombies
  3 human zombies
  27 iron imps
  35 jellies
  A wasp zombie (D:8)
  15 orc priests
  Crazy Yiuf (D:3)
  23 worker ants
  A giant frog skeleton (D:12)
  9 iguanas
  14 centaur skeletons
  10 hell rats (Hell)
  14 orc wizards
  28 sheep
  2 big kobold zombies (Ossuary)
  A deep dwarf zombie (Crypt:3)
  3 tengu zombies
  An ogre skeleton (Geh:6)
  A hound zombie (D:6)
  3 hound skeletons
  47 mummies
  2 worker ant zombies
  A scorpion zombie (Crypt:3)
  16 adders
  57 river rats
  13 shadow imps
  A swamp drake zombie (Crypt:2)
  14 white imps
  10 oozes
  4 adder zombies (Ossuary)
  2 halfling zombies
  5 worms
  4 giant geckos
  104 orcs
  17 bats
  6 giant cockroaches
  3 gnoll zombies (Ossuary)
  2 hobgoblins (D:2)
  4 jackals (D:10)
  21 kobolds
  6 quokkas
  2 ball pythons
  A ball python (shapeshifter) (Vaults:5)
  7 giant newts
  8 goblins
  3 goblin zombies (Ossuary)
  A hobgoblin skeleton (Crypt:1)
  6 hobgoblin zombies (Ossuary)
  4 jackal zombies (Ossuary)
  2 kobold zombies (Ossuary)
  3 orc zombies
  3 quokka zombies (Ossuary)
  15 rats
  2 rat zombies (Ossuary)
  A river rat skeleton (Crypt:3)
  34 fire vortices
  A lurking horror (Abyss:4)
  A plant (Lair:1)
  5 starspawn tentacles (Abyss:4)
  7 tentacles
  A tentacle segment (Nor:3)
6293 creatures vanquished.

Vanquished Creatures (collateral kills)
  A greater mummy (Tomb:1)
  Xtahua (Vaults:4)
  Asterion (Elf:3)
  A fire giant (Vaults:4)
  Maud (Orc:2)
  17 hydras
  An ogre mage (Vaults:3)
  4 dancing weapons (Elf:2)
  An orc high priest (Orc:2)
  A spriggan (Swamp:4)
  2 deep elf knights
  A spriggan druid (Swamp:4)
  3 swamp dragons
  An ironbrand convoker (Vaults:4)
  A shambling mangrove (Swamp:4)
  2 hill giants
  An anubis guard (Tomb:3)
  4 orc knights (Orc:2)
  2 orb spiders
  3 deep elf magi (Elf:2)
  A wolf spider (Lair:8)
  A hornet (Swamp:1)
  A guardian serpent (Lair:8)
  6 spiny frogs
  A fire drake (Lair:1)
  An ice devil (Hell)
  A trapdoor spider zombie (D:11)
  2 slime creatures
  A giant leech (Swamp:1)
  3 blink frogs (Swamp:4)
  An air elemental (Elf:2)
  A yak (IceCv)
  8 soldier ants (Lair:3)
  A wolf (IceCv)
  A swamp worm (Swamp:4)
  4 swamp drakes
  7 orc warriors
  A wasp (Swamp:4)
  A boggart (Depths:2)
  An ogre (Orc:2)
  11 orc priests (Orc:2)
  3 iguanas (Lair:3)
  13 worker ants (Lair:3)
  19 orcs
139 creatures vanquished.

Vanquished Creatures (others)
  A lich (Tomb:2)
  A deep elf master archer (Elf:3)
  2 eldritch tentacles
  2 blood saints (Pan)
  A vault warden (Vaults:2)
  2 stone giants
  An ironheart preserver (Vaults:5)
  An elemental wellspring (Nor:7)
  A green draconian (Zot:1)
  A mottled draconian (Zot:1)
  A black sun (Pan)
  2 merfolk javelineers (Depths:5)
  A blizzard demon (Pan)
  A mummy priest (Tomb:2)
  3 green deaths (Pan)
  A quicksilver dragon skeleton (Geh:7)
  A great orb of eyes (Depths:2)
  6 yaktaur captains
  A monstrous demonspawn (Pan)
  A centaur warrior (Vaults:4)
  An ogre mage (Vaults:2)
  2 sun demons (Pan)
  2 soul eaters (Pan)
  5 deep elf knights (Elf:3)
  38 death scarabs
  A cherub (Pan)
  A putrid demonspawn (Pan)
  An anaconda zombie (Dis:5)
  A gelid demonspawn (Pan)
  3 deep elf archers
  A golden dragon skeleton (Tomb:2)
  A deep elf mage (Elf:2)
  An orc knight (Orc:2)
  A shadow dragon skeleton (Geh:7)
  A wolf spider (Spider:3)
  A hornet (Swamp:3)
  A cyclops (D:15)
  A smoke demon (Pan)
  A hellion (Pan)
  A golden dragon simulacrum (Nor:7)
  2 ice devils
  13 yaktaurs
  2 guardian mummies
  A hydra zombie (Hell)
  A jumping spider (Spider:4)
  A blink frog (Swamp:2)
  A fire giant simulacrum (Hell)
  2 flying skulls
  A redback (Spider:2)
  A spriggan (Swamp:3)
  A water elemental (Nor:7)
  3 ynoxinuls (Pan)
  2 neqoxecs (Pan)
  A black mamba skeleton (Hell)
  2 large abominations
  4 golden eyes (Abyss:4)
  4 chaos spawn (Pan)
  4 orc warriors
  A spiny frog skeleton (Geh:7)
  A warg (Depths:2)
  2 wasps (Swamp:3)
  An ogre (Vaults:3)
  7 centaurs
  2 crimson imps
  An orc wizard (Orc:1)
  2 wights
  An iron imp (Dis:7)
  8 ball lightnings (Pan)
  2 orcs
  A kobold (Vaults:1)
  2 briar patches (Swamp:4)
  411 eldritch tentacle segments
  2 fire vortices (Geh:7)
  2 fulminant prisms
  15 fungi
  10 lost souls
  2 lurking horrors (Abyss:4)
  8 plants
  21 starspawn tentacles (Abyss:4)
  141 starspawn tentacle segments (Abyss:4)
  33 tentacles
  1558 tentacle segments
  A withered plant (Crypt:2)
2377 creatures vanquished.

Grand Total: 8809 creatures vanquished

Notes
Turn   | Place    | Note
--------------------------------------------------------------
     0 | D:1      | Raultor the Demonspawn Monk began the quest for the Orb.
     0 | D:1      | Reached XP level 1. HP: 18/18 MP: 1/1
   117 | D:1      | Gained mutation: You regenerate a little health from kills. [demonic ancestry]
   117 | D:1      | Reached XP level 2. HP: 22/24 MP: 2/2
   364 | D:1      | Reached skill level 3 in Dodging
   731 | D:2      | Reached XP level 3. HP: 29/29 MP: 3/3
   841 | D:2      | Found a sparkling altar of Nemelex Xobeh.
  1182 | D:2      | Reached skill level 4 in Unarmed Combat
  1197 | D:2      | Reached skill level 1 in Armour
  1451 | D:3      | Reached XP level 4. HP: 35/35 MP: 4/4
  1524 | D:3      | Found a white marble altar of Elyvilon.
  1889 | D:3      | Noticed Crazy Yiuf
  1902 | D:3      | Killed Crazy Yiuf
  1902 | D:3      | Reached XP level 5. HP: 35/42 MP: 5/5
  2092 | D:4      | HP: 10/42 [poisoned by a worker ant]
  2115 | D:4      | HP: 10/42 [poisoned by a worker ant]
  2123 | D:4      | HP: 9/42 [poisoned by a worker ant]
  2294 | D:4      | Noticed a phantom
  2352 | D:4      | HP: 8/42 [phantom (7)]
  2640 | D:4      | Reached skill level 4 in Fighting
  2640 | D:4      | Reached skill level 2 in Armour
  2858 | D:4      | Reached XP level 6. HP: 35/48 MP: 6/6
  3071 | D:4      | Noticed a moth of wrath
  3075 | D:4      | Found a bloodstained altar of Trog.
  3187 | D:4      | Reached skill level 5 in Unarmed Combat
  3443 | D:5      | Entered Level 5 of the Dungeon
  3526 | D:5      | Reached skill level 4 in Dodging
  3706 | D:5      | Gained mutation: When hurt, damage is shared between your health and your magic reserves. [demonic ancestry]
  3706 | D:5      | Reached XP level 7. HP: 50/55 MP: 7/7
  3763 | D:5      | Reached skill level 3 in Armour
  3770 | D:5      | Found a staircase to the Ecumenical Temple.
  3774 | Temple   | Entered the Ecumenical Temple
  3917 | Temple   | Became a worshipper of Makhleb the Destroyer
  3917 | Temple   | Reached * piety under Makhleb
  3917 | Temple   | Reached ** piety under Makhleb
  4500 | D:5      | Reached skill level 5 in Fighting
  4688 | D:5      | HP: 14/56 [something/ball of steam (17)]
  5001 | D:6      | Reached skill level 6 in Unarmed Combat
  5454 | D:6      | Gained mutation: You are partially covered in icy blue scales (AC +1). [demonic ancestry]
  5454 | D:6      | Reached XP level 8. HP: 62/62 MP: 8/8
  5879 | D:7      | Reached skill level 1 in Invocations
  6021 | D:7      | Found a sand-covered staircase.
  6027 | Ossuary  | Entered an ossuary
  6089 | Ossuary  | Reached *** piety under Makhleb
  6175 | Ossuary  | Reached skill level 4 in Armour
  6309 | Ossuary  | Reached skill level 2 in Invocations
  6496 | D:7      | Reached skill level 5 in Dodging
  6570 | D:7      | Reached skill level 7 in Unarmed Combat
  6830 | D:7      | Reached skill level 6 in Fighting
  6830 | D:7      | Reached skill level 3 in Invocations
  6970 | D:7      | Found an opulent altar of Gozag.
  7270 | D:8      | Got a smoking jade amulet
  7272 | D:8      | Identified the amulet "Qeolef" {Harm *Drain *Contam rElec SInv} (You found it on level 8 of the Dungeon)
  7311 | D:8      | Noticed ThermosAquaticus's ghost (novice OpCj)
  7332 | D:8      | Killed ThermosAquaticus's ghost
  7332 | D:8      | Reached XP level 9. HP: 59/69 MP: 8/11
  7414 | D:8      | Reached skill level 4 in Invocations
  7563 | D:8      | Reached skill level 8 in Unarmed Combat
  7606 | D:8      | Reached **** piety under Makhleb
  7606 | D:8      | Reached skill level 5 in Armour
  7933 | D:8      | Gained mutation: You are weak. (Str -2) [mutagenic glow]
  8148 | D:8      | Reached skill level 5 in Invocations
  8165 | D:8      | Reached skill level 6 in Dodging
  8276 | D:9      | Gained mutation: You regenerate health from kills. [demonic ancestry]
  8276 | D:9      | Reached XP level 10. HP: 75/77 MP: 7/14
  8296 | D:9      | HP: 17/77 [basilisk (14)]
  8298 | D:10     | Entered Level 10 of the Dungeon
  8302 | D:10     | Reached skill level 9 in Unarmed Combat
  8321 | D:10     | Reached skill level 7 in Fighting
  8540 | D:10     | Noticed a hill giant
  8640 | D:9      | Reached ***** piety under Makhleb
  8666 | D:9      | Reached skill level 6 in Invocations
  8700 | D:9      | Reached skill level 6 in Armour
  8895 | D:9      | Found a shadowy altar of Dithmenos.
  8925 | D:9      | Found a staircase to the Lair.
  9271 | D:9      | Found an iron altar of Okawaru.
  9275 | D:9      | Found a blossoming altar of Fedhas.
  9284 | D:9      | Found a glowing silver altar of Zin.
  9453 | D:10     | Killed a hill giant
  9453 | D:10     | Reached skill level 7 in Invocations
  9862 | D:10     | Reached skill level 10 in Unarmed Combat
 10054 | D:10     | Noticed a hill giant
 10060 | D:10     | Killed a hill giant
 10136 | D:11     | Found a labyrinth entrance.
 10155 | D:11     | HP: 17/80 [gargoyle/mace (10)]
 10156 | D:11     | Noticed a purple ugly thing
 10161 | D:11     | Reached skill level 7 in Dodging
 10161 | D:11     | Gained mutation: You have sharp fingernails. [demonic ancestry]
 10161 | D:11     | Reached XP level 11. HP: 12/86 MP: 3/16
 10326 | D:11     | Reached skill level 8 in Fighting
 10360 | D:11     | Found a frozen archway.
 10373 | D:11     | Noticed a centaur warrior
 10390 | D:11     | HP: 21/86 [centaur warrior (2)]
 10392 | D:11     | Killed a centaur warrior
 10416 | IceCv    | Entered an ice cave
 10432 | IceCv    | Reached skill level 8 in Invocations
 10539 | D:11     | Noticed a hill giant
 10550 | D:11     | Killed a hill giant
 10595 | D:11     | Reached skill level 7 in Armour
 10739 | D:11     | Found Seraij's Food Boutique.
 10764 | D:11     | Noticed a hill giant
 10773 | D:11     | Killed a hill giant
 11016 | Lair:1   | Entered Level 1 of the Lair of Beasts
 11044 | Lair:1   | Noticed Gastronok
 11062 | Lair:1   | Killed Gastronok
 11062 | Lair:1   | Reached skill level 11 in Unarmed Combat
 11149 | Lair:1   | Reached skill level 9 in Invocations
 11473 | Lair:1   | Noticed Harold
 11497 | Lair:1   | Killed Harold
 11497 | Lair:1   | Gained mutation: You regenerate a lot of health from kills. [demonic ancestry]
 11497 | Lair:1   | Reached XP level 12. HP: 71/94 MP: 11/19
 11903 | Lair:2   | Reached skill level 9 in Fighting
 11903 | Lair:2   | Reached skill level 8 in Dodging
 12040 | Lair:2   | Reached ****** piety under Makhleb
 12876 | Lair:3   | Reached skill level 10 in Invocations
 12892 | Lair:3   | HP: 22/95 [yak (6)]
 12918 | Lair:3   | Reached skill level 8 in Armour
 12966 | Lair:3   | Noticed a six-headed hydra
 12980 | Lair:3   | Killed a six-headed hydra
 12980 | Lair:3   | Reached skill level 12 in Unarmed Combat
 13595 | Lair:3   | Noticed a four-headed hydra
 13613 | Lair:3   | Killed a four-headed hydra
 13613 | Lair:3   | Reached XP level 13. HP: 77/103 MP: 15/21
 14147 | Lair:4   | Reached skill level 10 in Fighting
 14207 | Lair:4   | Reached skill level 9 in Dodging
 14401 | Lair:4   | Reached skill level 11 in Invocations
 15046 | Lair:4   | Reached skill level 9 in Armour
 15212 | Lair:5   | Reached skill level 13 in Unarmed Combat
 15521 | Lair:5   | Identified a scroll of acquirement
 15595 | Lair:5   | HP: 19/104 [death yak (19)]
 15599 | Lair:5   | HP: 6/104 [death yak (5)]
 15612 | Lair:5   | HP: 19/104 [death yak (17)]
 15757 | Lair:5   | Found a hole to the Spider Nest.
 16346 | Lair:6   | Found a staircase to the Swamp.
 16431 | Lair:6   | Found a staircase to the Slime Pits.
 16470 | Lair:6   | Got a bronze ring mail
 16481 | Lair:6   | Identified the +7 ring mail of Vanity {rN+ MR+ Int+6} (You found it on level 6 of the Lair of Beasts)
 16641 | Lair:6   | Gained mutation: You have very sharp fingernails. [demonic ancestry]
 16641 | Lair:6   | Reached XP level 14. HP: 87/111 MP: 22/22
 16736 | Lair:6   | Found a shattered altar of Ashenzari.
 16747 | Lair:6   | Reached skill level 12 in Invocations
 16751 | Lair:6   | Learned a level 2 spell: Swiftness
 16754 | Lair:6   | Learned a level 2 spell: Repel Missiles
 16758 | Lair:6   | Learned a level 3 spell: Conjure Flame
 17278 | Lair:7   | Reached skill level 1 in Charms
 17330 | Lair:7   | Reached skill level 1 in Spellcasting
 17414 | Lair:7   | Reached skill level 10 in Dodging
 17755 | Lair:8   | Entered Level 8 of the Lair of Beasts
 18080 | Lair:8   | Reached skill level 2 in Charms
 18089 | Lair:8   | Reached skill level 14 in Unarmed Combat
 18097 | Lair:8   | Reached skill level 11 in Fighting
 18118 | Lair:8   | Reached skill level 2 in Spellcasting
 18449 | Lair:8   | Noticed Snorg
 18469 | Lair:8   | Killed Snorg
 18639 | Lair:8   | Paralysed by a hornet for 2 turns
 18650 | Lair:8   | Paralysed by a hornet for 3 turns
 19047 | Lair:1   | Learned a level 1 spell: Apportation
 19413 | D:11     | Found a staircase to the Orcish Mines.
 19432 | Orc:1    | Entered Level 1 of the Orcish Mines
 19509 | Orc:1    | Found a dark tunnel.
 19515 | Orc:1    | Reached skill level 3 in Spellcasting
 19523 | Volcano  | Entered a volcano
 19659 | Volcano  | Reached skill level 10 in Armour
 19659 | Volcano  | Reached skill level 3 in Charms
 19732 | Volcano  | Found a bloodstained altar of Trog.
 19750 | Volcano  | Found a bloodstained altar of Trog.
 19779 | Orc:1    | Noticed Erolcha
 19845 | Orc:1    | Killed Erolcha
 20086 | Orc:2    | Entered Level 2 of the Orcish Mines
 20090 | Orc:2    | Noticed an orc warlord
 20105 | Orc:2    | Noticed Maud
 20105 | Orc:2    | Noticed Nessos
 20183 | Orc:2    | Killed an orc warlord
 20503 | Orc:2    | Noticed Donald
 20533 | Orc:2    | Killed Donald
 20595 | Orc:2    | Noticed a balrug
 20681 | Orc:2    | Killed Maud
 20773 | Orc:2    | Gained mutation: You regenerate magic rapidly. [demonic ancestry]
 20773 | Orc:2    | Reached XP level 15. HP: 119/119 MP: 24/24
 20789 | Orc:2    | Reached skill level 4 in Spellcasting
 20971 | Orc:2    | Killed Nessos
 21071 | Orc:2    | Found a staircase to the Elven Halls.
 21087 | Orc:2    | Found Ipal's Gadget Emporium.
 21190 | Orc:2    | Reached skill level 4 in Charms
 21328 | Orc:2    | Reached skill level 1 in Fire Magic
 21351 | Orc:2    | Found Teid's Antique Armour Shoppe.
 21354 | Orc:2    | Found Qugorph's Antique Weapon Shoppe.
 21355 | Orc:2    | Found Moleikak's Distillery.
 21356 | Orc:2    | Found Napuang's Magic Scroll Emporium.
 21363 | Orc:2    | Bought a heavily runed chain mail for 304 gold pieces
 21363 | Orc:2    | Bought a pair of runed boots for 144 gold pieces
 21384 | Orc:2    | Identified the +5 chain mail of the Republic {rElec rC+ MP+9} (You bought it in a shop on level 2 of the Orcish Mines)
 21768 | Elf:1    | Entered Level 1 of the Elven Halls
 21894 | Elf:1    | Reached skill level 2 in Fire Magic
 21923 | Elf:1    | Got a pitted pewter amulet
 21925 | Elf:1    | Identified the amulet of the Briny Deep {Harm *Drain rC- rN+ Int+3 Slay+2} (You found it on level 1 of the Elven Halls)
 22124 | Elf:1    | Reached skill level 1 in Evocations
 22256 | Elf:1    | Reached skill level 1 in Shields
 22316 | Elf:1    | Paralysed by a hornet for 4 turns
 22324 | Elf:1    | Reached skill level 11 in Dodging
 22612 | Elf:1    | Reached skill level 2 in Evocations
 22731 | Elf:1    | Reached skill level 12 in Fighting
 22921 | Elf:2    | Reached skill level 5 in Charms
 22961 | Elf:2    | Found a flickering gateway to a bazaar.
 22971 | Bazaar   | Entered a bazaar
 22971 | Bazaar   | Found Vecar's General Store.
 22971 | Bazaar   | Found Kiuvuaw's Magic Scroll Shoppe.
 22971 | Bazaar   | Found Sokuaz's Food Shop.
 22971 | Bazaar   | Found Jotraywa's Antique Weapon Shoppe.
 22973 | Bazaar   | Found Viusu's Armour Shop.
 22973 | Bazaar   | Found Qivon's General Store.
 22999 | Bazaar   | Bought a scroll of acquirement for 624 gold pieces
 23005 | Bazaar   | Bought a potion of beneficial mutation for 630 gold pieces
 23005 | Bazaar   | Bought a +3 amulet of reflection for 450 gold pieces
 23022 | Bazaar   | Gained mutation: You passively map a small area around you. [potion of beneficial mutation]
 23198 | Elf:2    | Reached skill level 2 in Shields
 23202 | Elf:2    | Noticed a Shadow Fiend
 23213 | Elf:2    | Reached skill level 3 in Evocations
 23681 | Elf:2    | Reached skill level 11 in Armour
 23800 | Elf:2    | Found a runed gate.
 23800 | Elf:2    | Found a runed gate.
 23802 | Elf:2    | Found a runed gate.
 23934 | Elf:2    | Reached XP level 16. HP: 127/127 MP: 25/25
 24030 | Elf:2    | Reached skill level 3 in Shields
 24319 | Elf:2    | Reached skill level 4 in Evocations
 24386 | Elf:2    | Reached skill level 6 in Charms
 24421 | Elf:2    | Reached skill level 15 in Unarmed Combat
 24682 | Elf:3    | Entered Level 3 of the Elven Halls
 24706 | Elf:3    | Noticed Louise
 24721 | Elf:3    | Killed Louise
 24723 | Elf:3    | Got a smoking large shield
 24734 | Elf:3    | Identified the +1 large shield of Sin {rC++ Regen+ Str+8 Stlth-} (You took it off Louise on level 3 of the Elven Halls)
 24752 | Elf:3    | Noticed Saint Roka
 24767 | Elf:3    | Noticed a deep elf blademaster
 24793 | Elf:3    | Killed a deep elf blademaster
 24799 | Elf:3    | Reached skill level 4 in Shields
 24827 | Elf:3    | HP: 31/129 [Saint Roka/divine providence (11)]
 24828 | Elf:3    | HP: 9/129 [Saint Roka/great sword (24)]
 25007 | Elf:3    | Reached skill level 5 in Evocations
 25159 | Elf:3    | Reached skill level 5 in Shields
 25482 | Elf:3    | Reached skill level 6 in Shields
 25665 | Elf:3    | Reached skill level 6 in Evocations
 25774 | Elf:3    | Killed Saint Roka
 25911 | Elf:3    | Reached skill level 7 in Shields
 25990 | Elf:3    | Gained mutation: You have claws for hands. [demonic ancestry]
 25990 | Elf:3    | Reached XP level 17. HP: 135/135 MP: 22/26
 26108 | Elf:3    | Noticed Norris
 26159 | Elf:3    | Killed Norris
 26304 | Elf:3    | Reached skill level 8 in Shields
 26389 | Elf:3    | Reached skill level 7 in Evocations
 26411 | Elf:3    | Noticed Asterion
 26801 | Elf:3    | Noticed an Ice Fiend
 27028 | Elf:3    | Reached skill level 9 in Shields
 27091 | Elf:3    | Got a scorched ivory amulet
 27221 | Elf:3    | Reached skill level 8 in Evocations
 27393 | Elf:3    | Identified the amulet "Forget-Me-Not" {Reflect SH+3 SInv Stlth+} (You took it off a deep elf demonologist on level 3 of the Elven Halls)
 27473 | Elf:3    | Got an ichor-stained quarterstaff {flame}
 27508 | Elf:3    | Reached skill level 10 in Shields
 27510 | Elf:3    | Got a transparent ring mail
 27523 | Elf:3    | Identified the +9 ring mail "Ontogun" {rC+++ Str-5} (You found it on level 3 of the Elven Halls)
 27728 | Elf:3    | Got a jewelled scimitar
 27732 | Elf:3    | Got a crude halberd
 27856 | Elf:3    | Got a bloodstained crystal plate armour
 27867 | Elf:3    | Identified the +6 crystal plate armour of Hadjma {Int+2 Stlth+} (You acquired it on level 3 of the Elven Halls)
 27875 | Elf:3    | Got a scorched ivory ring
 27877 | Elf:3    | Identified the ring of Duarr {rPois rF+} (You acquired it on level 3 of the Elven Halls)
 27883 | Elf:3    | Got a transparent hat
 27894 | Elf:3    | Identified the +1 hat of Misanthropy {+Inv rElec Str-4} (You acquired it on level 3 of the Elven Halls)
 27960 | Elf:3    | Reached skill level 13 in Invocations
 28036 | Elf:3    | Killed Asterion
 28036 | Elf:3    | Reached skill level 11 in Shields
 28759 | Spider:1 | Entered Level 1 of the Spider Nest
 28761 | Spider:1 | Noticed Nikola
 28774 | Spider:1 | Killed Nikola
 28833 | Spider:1 | Raultor: Hi
 29032 | Spider:1 | zzxc: stop training everything
 29033 | Spider:1 | zzxc: and only train unarmed combat
 29033 | Spider:1 | zzxc: it is severely underlvled
 29033 | Spider:1 | zzxc: this will make a big difference
 29033 | Spider:1 | Raultor: what about armor
 29034 | Spider:1 | zzxc: what about it?
 29054 | Spider:1 | bsdbeard: unarmed and shield
 29064 | Spider:1 | bsdbeard: is what you need
 29074 | Spider:1 | zzxc: 21 str is low for cpa
 29074 | Spider:1 | zzxc: I would go for simple rF+ plate
 29084 | Spider:1 | zzxc: that ring mail will do for now
 29084 | Spider:1 | bsdbeard: I think 66% unarmed 33% shield is best in this case or full unarmed for a while
 29191 | Spider:1 | zzxc: I also don't like large shield
 29191 | Spider:1 | Reached XP level 18. HP: 142/142 MP: 24/27
 29192 | Spider:1 | zzxc: but it's a pretty good one
 29193 | Spider:1 | zzxc: so you could stick with it
 29193 | Spider:1 | Raultor: I ccant do without that +8 str
 29193 | Spider:1 | Raultor: considering I have -2 str malmutation
 29193 | Spider:1 | bsdbeard: damn you've got good items man
 29193 | Spider:1 | zzxc: -2 str is not a big deal
 29193 | Spider:1 | zzxc: but rC++ regen and str+8 is pretty good
 29230 | Spider:1 | bsdbeard: regen (9) buff
 29230 | Spider:1 | Raultor: had to burn all my heal wounds in elf
 29230 | Spider:1 | bsdbeard: you did elf before spider??
 29230 | Spider:1 | Raultor: y
 29320 | Spider:1 | bsdbeard: how does that make sense to you
 29330 | Spider:1 | bsdbeard: spider is the easiest lair branch by a far
 29330 | Spider:1 | Raultor: dont know im a noob
 29330 | Spider:1 | Raultor: lol
 29463 | Spider:2 | bsdbeard: especially with your regen mutation
 29585 | Spider:2 | Raultor: yeah the powered by death mutation
 29585 | Spider:2 | Raultor: is going to kill me
 29585 | Spider:2 | Raultor: 100%
 29725 | Spider:2 | zzxc: the orb of destruction reflects off an invisible shield around nyou
 29734 | Spider:2 | zzxc: what is this?
 29738 | Spider:2 | Raultor: amulet of shielding
 29738 | Spider:2 | zzxc: your amulet I see
 29738 | Spider:2 | zzxc: SH appears to be quite excellent vs orbs of destruction
 29738 | Spider:2 | Raultor: yep
 29738 | Spider:2 | Raultor: godsend in elf too
 29992 | Spider:2 | Noticed Arachne
 29999 | Spider:2 | bsdbeard: you should have absoloutely no issues ascending, maklheb+regen mut is ridiculous
 30015 | Spider:2 | Killed Arachne
 30022 | Spider:2 | Raultor: I have splatted far better chars before
 30022 | Spider:2 | Raultor: get cocky
 30022 | Spider:2 | Raultor: then die
 30022 | Spider:2 | Raultor: :(
 30022 | Spider:2 | Raultor: and this is the first DS I get so far
 30022 | Spider:2 | Raultor: so even more noob
 30194 | Spider:2 | bsdbeard: It would be very hard to splat this char
 30235 | Spider:3 | Reached skill level 16 in Unarmed Combat
 30238 | Spider:3 | bsdbeard: Just get unarmed to 20 at least before considering training armour and equpping cpa back, also train str on lvl up for the cpa
 30238 | Spider:3 | Raultor: should I do swamp or slime
 30238 | Spider:3 | bsdbeard: how is that even a question
 30238 | Spider:3 | bsdbeard: who the hell does slime before doing everything else first
 30238 | Spider:3 | Raultor: hah :D
 30238 | Spider:3 | Raultor: swamp is easier than slime?
 30238 | Spider:3 | bsdbeard: it is about 9 million times easier than slime
 30238 | Spider:3 | Raultor: wow
 30238 | Spider:3 | Raultor: I have ascended once before with a GR Fighter
 30238 | Spider:3 | Raultor: and did slime 2nd rune
 30238 | Spider:3 | Raultor: guess got lucky
 30238 | Spider:3 | bsdbeard: you're insane
 30238 | Spider:3 | bsdbeard: there is nothing in swamp that is remotely as dangerous as acid blobs and azure slimes
 30271 | Spider:3 | Raultor: well with flying boots
 30271 | Spider:3 | Raultor: swamp should be a breeze
 30277 | Spider:3 | bsdbeard: with any boots
 30485 | Spider:3 | Noticed Roxanne
 30552 | Spider:3 | Killed Roxanne
 30558 | Spider:3 | bsdbeard: acid blobs have ~100 hp and do 50 acid damage ranged, swamp dragons are ~65 hp and do 20 damage (+trample) melee
 30558 | Spider:3 | bsdbeard: so how can you even have a question what to do first @_@
 30558 | Spider:3 | Raultor: xD
 30558 | Spider:3 | Raultor: I did it level 14 or so too
 30558 | Spider:3 | Raultor: how?
 30558 | Spider:3 | Raultor: aliens
 30558 | Spider:3 | Raultor: rcorr + gargoyle cheating I guess
 30558 | Spider:3 | bsdbeard: you killed royal jelly on lvl 14?
 30558 | Spider:3 | bsdbeard: what
 30558 | Spider:3 | Raultor: yeah something like that
 30558 | Spider:3 | Raultor: 2nd rune
 30558 | Spider:3 | Raultor: maybe 16
 30600 | Spider:3 | bsdbeard: you did at lvl 22
 30607 | Spider:3 | bsdbeard: 1. [2015-11-09 10:00:57] Dirtsage the Slayer (L22 GrFi of Okawaru) killed the royal jelly on turn 53053. (Slime:6)
 30607 | Spider:3 | Raultor: really?
 30607 | Spider:3 | Raultor: but it was a TSO game
 30607 | Spider:3 | Raultor: with Dirtsage account
 30607 | Spider:3 | bsdbeard: you never killed trj with tso
 30607 | Spider:3 | Raultor: then Im confusing games I remember doing slime 2nd rune
 30619 | Spider:3 | Reached skill level 12 in Shields
 30650 | Spider:3 | Got a twisted ring mail
 30661 | Spider:3 | Identified the cursed +1 ring mail of Wonder {MR+} (You found it on level 3 of the Spider Nest)
 30667 | Spider:3 | bsdbeard: http://crawl.xtahua.com/crawl/morgue/Dirtsage/morgue-Dirtsage-20151110-162754.txt your grfi tso never visited slime
 30684 | Spider:3 | Raultor: @_@
 30684 | Spider:3 | Raultor: damn that eveningstar
 30684 | Spider:3 | Raultor: didnt remember that
 30782 | Spider:4 | Entered Level 4 of the Spider Nest
 30803 | Spider:3 | bsdbeard: well good luck
 31813 | Spider:4 | Reached skill level 17 in Unarmed Combat
 31834 | Spider:4 | Got a gossamer rune of Zot
 32319 | Swamp:1  | Entered Level 1 of the Swamp
 33031 | Swamp:2  | Gained mutation: You are mostly covered in icy blue scales (AC +3, EV -1). [demonic ancestry]
 33031 | Swamp:2  | Reached XP level 19. HP: 148/148 MP: 28/28
 33291 | Swamp:2  | Learned a level 1 spell: Summon Butterflies
 33726 | Swamp:3  | Reached skill level 13 in Shields
 34335 | Swamp:4  | Entered Level 4 of the Swamp
 34794 | Swamp:4  | Reached skill level 18 in Unarmed Combat
 34979 | Swamp:4  | Got a decaying rune of Zot
 36240 | D:13     | Noticed Sonja
 36253 | D:13     | Killed Sonja
 36880 | D:14     | Reached skill level 13 in Fighting
 36894 | D:14     | Reached skill level 12 in Dodging
 37224 | D:14     | Found a gate to the Vaults.
 37578 | D:15     | Entered Level 15 of the Dungeon
 37595 | D:15     | Reached skill level 12 in Armour
 37760 | D:15     | Reached XP level 20. HP: 156/156 MP: 26/29
 38433 | D:15     | Found a staircase to the Depths.
 38671 | Vaults:1 | Entered Level 1 of the Vaults
 38776 | Vaults:1 | Found Telor's Gadget Boutique.
 38886 | Vaults:1 | Found Neman's Antique Armour Shoppe.
 38909 | Vaults:1 | Bought an encrusted chain mail for 285 gold pieces
 38921 | Vaults:1 | Identified the +2 chain mail "Suludduv" {rF++} (You bought it in a shop on level 1 of the Vaults)
 39544 | Vaults:1 | Found Fonk's Food Emporium.
 39840 | Vaults:1 | Reached skill level 14 in Shields
 40310 | Vaults:2 | Found Fotokur's Distillery.
 40318 | Vaults:2 | Bought a potion of invisibility for 136 gold pieces
 40318 | Vaults:2 | Bought a potion of heal wounds for 85 gold pieces
 40535 | Vaults:2 | Got a crude steel ring
 40537 | Vaults:2 | Identified the ring "Soaqigoci" {rF+ rC+ Str+2 Int+2} (You found it on level 2 of the Vaults)
 40668 | Vaults:2 | Reached skill level 19 in Unarmed Combat
 41020 | Vaults:2 | Found a staircase to the Crypt.
 41743 | Vaults:3 | Reached skill level 14 in Fighting
 41826 | Vaults:3 | Found a shimmering altar of Xom.
 41895 | Vaults:3 | Reached skill level 13 in Dodging
 42031 | Vaults:3 | Reached XP level 21. HP: 165/165 MP: 30/30
 42349 | Vaults:3 | Reached skill level 13 in Armour
 42519 | Vaults:3 | Got a translucent hand axe
 42520 | Vaults:3 | Identified the +6 hand axe of Icacaamn {pain, +Inv rF+ rC+ Dex+2} (You found it on level 3 of the Vaults)
 42909 | Vaults:4 | Noticed Mara
 42919 | Vaults:4 | Noticed Raultor's illusion
 43187 | Vaults:4 | Noticed Xtahua
 43199 | Vaults:4 | Killed Xtahua
 43253 | Vaults:4 | Found Fimeutuwn's Armour Boutique.
 43269 | Vaults:4 | Noticed Raultor's illusion
 43494 | Vaults:4 | Learned a level 2 spell: Shroud of Golubria
 43745 | Vaults:4 | Noticed Raultor's illusion
 43752 | Vaults:4 | Reached skill level 9 in Evocations
 43951 | Vaults:4 | Killed Mara
 44192 | Vaults:4 | Reached skill level 20 in Unarmed Combat
 44752 | Depths:1 | Entered Level 1 of the Depths
 44761 | Depths:1 | Noticed Jorgrun
 44805 | Depths:1 | Killed Jorgrun
 44805 | Depths:1 | Reached skill level 15 in Shields
 44933 | Depths:1 | Gained mutation: Your flesh is cold resistant. [demonic ancestry]
 44933 | Depths:1 | Reached XP level 22. HP: 174/174 MP: 31/31
 45032 | Depths:1 | Found a gateway to Hell.
 45167 | Depths:1 | Reached skill level 15 in Fighting
 45230 | Depths:1 | Got an ichor-stained robe
 46141 | Depths:2 | Reached skill level 10 in Evocations
 46506 | Depths:2 | Found a magical portal.
 46510 | WizLab   | Entered The Hall of Umue the Hellbinder
 46556 | WizLab   | Gained mutation: Your magical capacity is low (-10% MP). [a cacodemon]
 46567 | WizLab   | Gained mutation: Your flesh is heat resistant. [a cacodemon]
 46760 | WizLab   | Reached skill level 14 in Armour
 47082 | WizLab   | Found a burning altar of Makhleb.
 47124 | WizLab   | Identified the Collected Works on the Entourage
 47131 | WizLab   | Identified the Grimoire of Summoning
 47711 | Depths:2 | Reached skill level 14 in Dodging
 47768 | Depths:2 | Found Ludgh's Slaves and Accessories.
 47836 | Depths:2 | Found Daiclito's Miraculous Elixirs.
 47917 | Depths:2 | Found Jack's Jerk-a-riffic Jerky.
 48020 | Depths:2 | Found The Legendary Voiqucsi's Legendary Smithy.
 48059 | Depths:2 | Found a bloodstained altar of Trog.
 48064 | Depths:2 | Found a one-way gate to the infinite horrors of the Abyss.
 48179 | Depths:2 | Found a radiant altar of Vehumet.
 48253 | Depths:2 | Found a roughly hewn altar of Beogh.
 48673 | Depths:2 | Gained mutation: You are completely covered in icy blue scales (AC +4, EV -1, rC+). [demonic ancestry]
 48673 | Depths:2 | Reached XP level 23. HP: 169/182 MP: 17/29
 48995 | Depths:2 | Reached skill level 11 in Evocations
 49274 | Depths:3 | HP: 42/183 [spriggan berserker/antimagic war axe (24)]
 49284 | Depths:3 | HP: 42/183 [spriggan berserker/antimagic war axe (9)]
 49666 | Depths:3 | Reached skill level 21 in Unarmed Combat
 50219 | Depths:3 | Found a one-way gate leading to the halls of Pandemonium.
 50219 | Depths:3 | Found Ireahoe's Gadget Shoppe.
 50293 | Depths:3 | Got a twisted buckler
 50304 | Depths:3 | Identified the +1 buckler of Vuwag {rPois Dex+7} (You found it on level 3 of the Depths)
 50657 | Depths:4 | Reached skill level 16 in Fighting
 50805 | Depths:4 | Noticed the Enchantress
 50855 | Depths:4 | Killed the Enchantress
 50900 | Depths:4 | Got a faerie dragon armour
 50911 | Depths:4 | Identified the +7 faerie dragon armour {rElec rN+} (You took it off the Enchantress on level 4 of the Depths)
 50955 | Depths:4 | Found a corrupted altar of Lugonu.
 51329 | Depths:4 | Identified the Collected Works on Conjuration
 51536 | Depths:4 | Noticed Frederick
 51553 | Depths:4 | Cast into level 4 of the Abyss (Frederick)
 51739 | Abyss:4  | Identified the Compendium of the Frostbite (You found it on level 4 of the Abyss)
 51771 | Abyss:4  | Identified the Volume of Flames
 51775 | Abyss:4  | Identified the Papyrus of Conjuration
 51936 | Abyss:4  | Paralysed by accursed screaming for 1 turns
 51939 | Abyss:4  | Paralysed by accursed screaming for 2 turns
 51952 | Abyss:4  | Reached skill level 16 in Shields
 52016 | Abyss:4  | Gained mutation: You are very frail (-20% HP). [a cacodemon]
 52054 | Abyss:4  | Gained mutation: You are immune to freezing clouds. [demonic ancestry]
 52054 | Abyss:4  | Reached XP level 24. HP: 166/171 MP: 28/29
 52240 | Abyss:4  | Reached skill level 12 in Evocations
 52483 | Abyss:4  | Reached skill level 15 in Armour
 52660 | Abyss:4  | Found a corrupted altar of Lugonu.
 52808 | Abyss:4  | Paralysed by accursed screaming for 1 turns
 52846 | Abyss:4  | HP: 43/173 [??? (25)]
 52865 | Abyss:4  | HP: 27/173 [??? (18)]
 53029 | Abyss:4  | Reached skill level 15 in Dodging
 53113 | Abyss:4  | Got an abyssal rune of Zot
 53650 | Abyss:4  | Found a corrupted altar of Lugonu.
 53660 | Depths:4 | Escaped the Abyss
 53672 | Depths:4 | Killed Frederick
 53816 | Depths:4 | Reached skill level 22 in Unarmed Combat
 54331 | Depths:5 | Entered Level 5 of the Depths
 54685 | Depths:5 | Found a gateway to a ziggurat.
 54735 | Depths:5 | Noticed a juggernaut
 54742 | Depths:5 | Noticed a juggernaut
 54760 | Depths:5 | Killed a juggernaut
 54760 | Depths:5 | Reached skill level 17 in Fighting
 54772 | Depths:5 | Killed a juggernaut
 54772 | Depths:5 | Gained mutation: When low on magic, you restore magic in place of health. [demonic ancestry]
 54772 | Depths:5 | Reached XP level 25. HP: 154/180 MP: 17/29
 54822 | Depths:5 | Found a gate to the Realm of Zot.
 54933 | Depths:4 | Reached skill level 13 in Evocations
 56143 | Zot:1    | Entered Level 1 of the Realm of Zot
 56553 | Zot:1    | Reached skill level 16 in Armour
 56666 | Zot:1    | Noticed an ancient lich
 56681 | Zot:1    | Killed an ancient lich
 56681 | Zot:1    | Reached skill level 17 in Shields
 56725 | Zot:1    | Learned a level 8 spell: Controlled Blink
 56931 | Zot:1    | Reached skill level 16 in Dodging
 57058 | Zot:1    | Reached skill level 23 in Unarmed Combat
 57337 | Zot:1    | Learned a level 3 spell: Regeneration
 57571 | Zot:2    | Reached XP level 26. HP: 189/189 MP: 29/29
 57773 | Zot:2    | Upgraded the game from 0.18-a0-884-gb6cfd45 to 0.18-a0-888-gdb73dea
 58070 | Zot:2    | Reached skill level 18 in Fighting
 60008 | Zot:4    | Reached skill level 19 in Fighting
 60078 | Zot:4    | Gained mutation: A frigid envelope surrounds you and freezes all who hurt you. [demonic ancestry]
 60078 | Zot:4    | Reached XP level 27. HP: 198/198 MP: 29/29
 60421 | Zot:5    | Entered Level 5 of the Realm of Zot
 60442 | Zot:5    | Reached skill level 17 in Armour
 60665 | Zot:5    | Reached skill level 24 in Unarmed Combat
 60717 | Zot:5    | Reached skill level 17 in Dodging
 60778 | Zot:5    | Noticed an ancient lich
 60792 | Zot:5    | Killed an ancient lich
 60818 | Zot:5    | Noticed an orb of fire
 60834 | Zot:5    | Killed an orb of fire
 60834 | Zot:5    | Reached skill level 18 in Shields
 60934 | Zot:5    | Noticed an ancient lich
 61007 | Zot:5    | Noticed an ancient lich
 61026 | Zot:5    | Killed an ancient lich
 61071 | Zot:5    | Killed an ancient lich
 61213 | Zot:5    | Reached skill level 20 in Fighting
 61285 | Zot:5    | Noticed an ancient lich
 61311 | Zot:5    | Killed an ancient lich
 61358 | Zot:5    | Noticed an orb of fire
 61362 | Zot:5    | Gained mutation: You expend magic power (3 MP) to strengthen your wands. [an orb of fire]
 61376 | Zot:5    | Killed an orb of fire
 61499 | Zot:5    | Noticed an orb of fire
 61505 | Zot:5    | Gained mutation: You are dopey. (Int -2) [an orb of fire]
 61530 | Zot:5    | Killed an orb of fire
 62166 | Slime:1  | Entered Level 1 of the Pits of Slime
 62178 | Slime:1  | Gained mutation: You are clumsy. (Dex -2) [a shining eye]
 62275 | Slime:1  | Gained mutation: You are very frail (-20% HP). [a shining eye]
 62674 | Slime:2  | Gained mutation: You are very dopey. (Int -4) [a shining eye]
 62676 | Slime:2  | Gained mutation: You occasionally shout uncontrollably at your foes. [a shining eye]
 63004 | Slime:3  | Gained mutation: You tend to lose your temper in combat. [a shining eye]
 63056 | Slime:3  | Gained mutation: Scrolls take you a little longer to read. [a shining eye]
 63785 | Slime:6  | Entered Level 6 of the Pits of Slime
 63785 | Slime:6  | Noticed bsdbeard's ghost (veteran VSAs)
 63798 | Slime:6  | Killed bsdbeard's ghost
 63928 | Slime:6  | Found a viscous altar of Jiyva.
 63935 | Slime:6  | Noticed the Royal Jelly
 63968 | Slime:6  | Killed the Royal Jelly
 63968 | Slime:6  | Reached skill level 21 in Fighting
 63998 | Slime:6  | Reached skill level 25 in Unarmed Combat
 64074 | Slime:6  | Reached skill level 18 in Armour
 64393 | Slime:6  | Got a slimy rune of Zot
 64478 | Slime:6  | Identified the Collected Works on Companions
 64495 | Slime:6  | Got a smoking copper amulet
 64498 | Slime:6  | Identified the amulet "Udozep" {Spirit +Fly} (You found it on level 6 of the Pits of Slime)
 64502 | Slime:6  | Identified the Almanac of Battle Magic
 64633 | Lair:6   | Lost mutation: You passively map a small area around you. [potion of cure mutation]
 64633 | Lair:6   | Lost mutation: You are weak. (Str -2) [potion of cure mutation]
 64633 | Lair:6   | Lost mutation: You occasionally shout uncontrollably at your foes. [potion of cure mutation]
 64633 | Lair:6   | Lost mutation: You are very dopey. (Int -4) [potion of cure mutation]
 64633 | Lair:6   | Lost mutation: You tend to lose your temper in combat. [potion of cure mutation]
 64634 | Lair:6   | Lost mutation: Your flesh is heat resistant. [potion of cure mutation]
 64634 | Lair:6   | Lost mutation: You expend magic power (3 MP) to strengthen your wands. [potion of cure mutation]
 64634 | Lair:6   | Lost mutation: Your magical capacity is low (-10% MP). [potion of cure mutation]
 64635 | Lair:6   | Lost mutation: You are very frail (-20% HP). [potion of cure mutation]
 64635 | Lair:6   | Lost mutation: You are dopey. (Int -2) [potion of cure mutation]
 64635 | Lair:6   | Lost mutation: You are clumsy. (Dex -2) [potion of cure mutation]
 64635 | Lair:6   | Lost mutation: Scrolls take you a little longer to read. [potion of cure mutation]
 64635 | Lair:6   | Lost mutation: You are frail (-10% HP). [potion of cure mutation]
 65040 | Vaults:5 | Entered Level 5 of the Vaults
 65040 | Vaults:5 | Noticed hadoken's ghost (veteran HEWr)
 65099 | Vaults:5 | Reached skill level 18 in Dodging
 65146 | Vaults:5 | HP: 48/226 [???[a deep elf demonologist] (25)]
 65396 | Vaults:5 | Reached skill level 19 in Shields
 65406 | Vaults:5 | Got a clouded tin ring
 65408 | Vaults:5 | Identified the ring of Wasuh {+Fly rF+ rC++ MR+ Str+2} (You found it on level 5 of the Vaults)
 65651 | Vaults:5 | Killed hadoken's ghost
 65695 | Vaults:5 | Got a spiked ring mail
 65706 | Vaults:5 | Identified the +5 ring mail of Morality {MR+ Dex+6} (You took it off a vault warden on level 5 of the Vaults)
 65864 | Vaults:5 | Found Qosmuasm's Book Shop.
 65872 | Vaults:5 | Identified a +4 rod of ignition (10/10) {!a} (You took it off an ironbrand convoker on level 5 of the Vaults)
 65875 | Vaults:5 | Got a slimy hand axe
 66385 | Vaults:5 | Got a jewelled scale mail
 66396 | Vaults:5 | Identified the +0 scale mail of Zughyss {rPois Str-2 Dex+5 SInv} (You found it on level 5 of the Vaults)
 66453 | Vaults:5 | Got a silver rune of Zot
 67123 | Hell     | Entered the Vestibule of Hell
 67123 | Hell     | Noticed Geryon
 67491 | Hell     | HP: 54/229 [reaper/scythe of flaming (4)]
 67893 | Hell     | Killed Geryon
 67913 | Hell     | Reached skill level 22 in Fighting
 67968 | Hell     | Found a gateway to the decaying netherworld of Tartarus.
 68037 | Hell     | Found a gateway to the freezing wastes of Cocytus.
 68220 | Hell     | Found a gateway to the Iron City of Dis.
 68319 | Hell     | Found a gateway to the ashen valley of Gehenna.
 68431 | Nor:1    | Entered Level 1 of the North Pole
 69762 | Nor:2    | Reached skill level 26 in Unarmed Combat
 70138 | Nor:3    | Reached skill level 19 in Armour
 71346 | Nor:7    | Entered Level 7 of the North Pole
 71363 | Nor:7    | Reached skill level 23 in Fighting
 71471 | Nor:7    | Reached skill level 19 in Dodging
 71887 | Nor:7    | Noticed the Serpent of Hell
 71902 | Nor:7    | Killed the Serpent of Hell
 72026 | Nor:7    | Reached skill level 20 in Shields
 72185 | Nor:7    | Gained mutation: You tend to lose your temper in combat. [mutagenic glow]
 72399 | Nor:7    | Noticed Antaeus
 72431 | Nor:7    | Killed Antaeus
 72441 | Nor:7    | Got a shimmering lajatang {venom}
 72442 | Nor:7    | Identified the cursed +0 lajatang "Kuproox" {venom, *Noise MR+ MP+9 Int+10 Stlth+} (You took it off Antaeus on level 7 of Cocytus)
 72445 | Nor:7    | Got an icy rune of Zot
 72578 | Nor:7    | Gained mutation: You are weak. (Str -2) [mutagenic glow]
 72611 | Nor:7    | Gained mutation: Your body sometimes deteriorates upon taking damage. [mutagenic glow]
 72937 | Orc:2    | Bought a potion of cure mutation for 420 gold pieces
 72944 | Orc:2    | Lost mutation: You tend to lose your temper in combat. [potion of cure mutation]
 72944 | Orc:2    | Lost mutation: You are weak. (Str -2) [potion of cure mutation]
 72944 | Orc:2    | Lost mutation: Your body sometimes deteriorates upon taking damage. [potion of cure mutation]
 73208 | Dis:1    | Entered Level 1 of the Iron City of Dis
 73800 | Dis:5    | Reached skill level 27 in Unarmed Combat
 74303 | Dis:6    | Reached skill level 24 in Fighting
 74459 | Dis:7    | Entered Level 7 of the Iron City of Dis
 74707 | Dis:7    | Gained mutation: Your flesh is very cold resistant. [a cacodemon]
 75000 | Dis:7    | Identified a +7 rod of shadows (12/12) (You found it on level 7 of the Iron City of Dis)
 75012 | Dis:7    | Identified Plog's Compendium of Displacement
 75344 | Dis:7    | Reached skill level 20 in Armour
 75417 | Dis:7    | Gained mutation: You are somewhat resistant to further mutation. [a cacodemon]
 75664 | Dis:7    | HP: 58/237 [??? (36)]
 75670 | Dis:7    | HP: 1/237 [iron giant's throw (56)]
 75673 | Dis:7    | Turgon: Holla, 1 HP!
 75674 | Dis:7    | Turgon: That's not much
 75692 | Dis:7    | Raultor: lol
 75692 | Dis:7    | Raultor: I knew I would splat the char
 75708 | Dis:7    | Reached skill level 20 in Dodging
 75710 | Dis:7    | Turgon: Why should you?
 75716 | Dis:7    | Raultor: because Im a noob
 75716 | Dis:7    | Raultor: its the first time I do this
 75732 | Dis:7    | Turgon: Well, everybody starts with his first victory
 75765 | Dis:7    | Raultor: I plan to do a 15 rune
 75765 | Dis:7    | Raultor: this char is OP enough for that
 75765 | Dis:7    | Turgon: How many runes already?
 75765 | Dis:7    | Turgon: 6
 75825 | Dis:7    | Gained mutation: Armour fits poorly on your strangely shaped body. [a cacodemon]
 75944 | Dis:7    | Noticed Dispater
 75949 | Dis:7    | HP: 60/240 [??? (36)]
 75960 | Dis:7    | HP: 57/240 [hellion/burst of hellfire[Dispater] (21)]
 75963 | Dis:7    | HP: 14/240 [hellion/burst of hellfire[Dispater] (22)]
 75972 | Dis:7    | Turgon: Dis:7 is one of the hardest places of the game
 75972 | Dis:7    | Turgon: I'd be more careful
 75989 | Dis:7    | Turgon: ... if you want to get the other runes too
 76021 | Dis:7    | Raultor: lol
 76021 | Dis:7    | Raultor: well
 76021 | Dis:7    | Raultor: im going out
 76021 | Dis:7    | Raultor: will finish tomorrow
 76021 | Dis:7    | Turgon: ok
 76021 | Dis:7    | Raultor: thanks for the help :)
 76026 | Dis:7    | HP: 56/240 [???[the effects of Hell] (25)]
 76033 | Dis:7    | HP: 49/240 [???[the effects of Hell] (25)]
 76241 | Dis:7    | Reached skill level 25 in Fighting
 76446 | Dis:7    | Killed Dispater
 76446 | Dis:7    | Reached skill level 14 in Evocations
 76474 | Dis:7    | Identified Qogojuiw's Papyrus of Aid
 76479 | Dis:7    | Learned a level 3 spell: Spectral Weapon
 76498 | Dis:7    | Got an iron rune of Zot
 76514 | Dis:7    | Got a wavering bone ring
 76515 | Dis:7    | Identified the ring "Ucvue" {Ice *Confuse Str+7} (You found it on level 7 of the Iron City of Dis)
 76757 | Dis:7    | Reached skill level 21 in Shields
 77598 | Tar:1    | Entered Level 1 of Tartarus
 78417 | Tar:6    | HP: 45/239 [flayed ghost/flay_damage (26)]
 79198 | Tar:7    | Entered Level 7 of Tartarus
 79215 | Tar:7    | Reached skill level 15 in Evocations
 79580 | Tar:7    | Reached skill level 26 in Fighting
 79875 | Tar:7    | Upgraded the game from 0.18-a0-888-gdb73dea to 0.18-a0-900-gbbf5c82
 80366 | Tar:7    | Noticed Ereshkigal
 80425 | Tar:7    | Killed Ereshkigal
 80425 | Tar:7    | Reached skill level 21 in Armour
 80478 | Tar:7    | Got a bone rune of Zot
 80635 | Tar:7    | Reached skill level 21 in Dodging
 81562 | Geh:1    | Entered Level 1 of Gehenna
 81590 | Geh:1    | Reached skill level 16 in Evocations
 82147 | Geh:6    | HP: 53/245 [??? (39)]
 82151 | Geh:6    | HP: 24/245 [??? (14)]
 82158 | Geh:6    | HP: 28/247 [balrug/fireball (1)]
 82168 | Geh:6    | HP: 24/247 [red devil/enchanted demon trident[a balrug] (5)]
 82376 | Geh:6    | Reached skill level 22 in Shields
 82398 | Geh:7    | Entered Level 7 of Gehenna
 82515 | Geh:7    | Reached skill level 27 in Fighting
 82550 | Geh:7    | HP: 58/249 [flayed ghost/flay_damage (29)]
 83543 | Geh:7    | Got a fine scale mail
 83544 | Geh:7    | Identified the cursed +0 scale mail "Osedumm" {+Blink} (You found it on level 7 of Gehenna)
 83628 | Geh:7    | Reached skill level 17 in Evocations
 83702 | Geh:7    | Got an encrusted blowgun
 83743 | Geh:7    | Got a fine hand crossbow
 83752 | Geh:7    | Got a translucent hand axe
 83761 | Geh:7    | Got a fabulously ornate robe
 84088 | Geh:7    | Noticed Asmodeus
 84119 | Geh:7    | Killed Asmodeus
 84181 | Geh:7    | Got an obsidian rune of Zot
 84743 | Crypt:1  | Entered Level 1 of the Crypt
 85008 | Crypt:1  | Reached skill level 22 in Dodging
 85146 | Crypt:1  | Reached skill level 22 in Armour
 85561 | Crypt:2  | Reached skill level 1 in Conjurations
 85679 | Crypt:2  | Reached skill level 2 in Conjurations
 86020 | Crypt:2  | Reached skill level 5 in Spellcasting
 86024 | Crypt:2  | Reached skill level 1 in Translocations
 86091 | Crypt:2  | Noticed an ancient lich
 86110 | Crypt:2  | Killed an ancient lich
 86110 | Crypt:2  | Reached skill level 3 in Conjurations
 86110 | Crypt:2  | Reached skill level 2 in Translocations
 86132 | Crypt:2  | Got a crude shortbow
 86139 | Crypt:2  | Got an ancient hat
 86150 | Crypt:2  | Identified the +1 hat of Keryriff {+Inv rPois Regen+ MP-9} (You found it on level 2 of the Crypt)
 86394 | Crypt:3  | Entered Level 3 of the Crypt
 86424 | Crypt:3  | Noticed Sojobo
 86436 | Crypt:3  | Reached skill level 4 in Conjurations
 86455 | Crypt:3  | Killed Sojobo
 86455 | Crypt:3  | Reached skill level 3 in Translocations
 86643 | Crypt:3  | Reached skill level 6 in Spellcasting
 86772 | Crypt:3  | Reached skill level 5 in Conjurations
 86795 | Crypt:3  | Reached skill level 4 in Translocations
 86799 | Crypt:3  | Reached skill level 23 in Shields
 86834 | Crypt:3  | Found a staircase to the Tomb.
 87258 | Crypt:3  | Noticed an ancient lich
 87299 | Crypt:3  | Killed an ancient lich
 87299 | Crypt:3  | Reached skill level 5 in Translocations
 87326 | Crypt:3  | Identified Komounox's Disquisition on Stolen Souls
 87333 | Crypt:3  | Learned a level 5 spell: Dispel Undead
 87340 | Crypt:3  | Got an ivory dagger
 87531 | Tomb:1   | Entered Level 1 of the Tomb of the Ancients
 87539 | Tomb:1   | Reached skill level 1 in Necromancy
 87680 | Tomb:1   | Reached skill level 2 in Necromancy
 87686 | Tomb:1   | Reached skill level 6 in Translocations
 87714 | Tomb:1   | Reached skill level 3 in Necromancy
 87805 | Tomb:1   | Noticed an ancient lich
 87815 | Tomb:1   | Killed an ancient lich
 87815 | Tomb:1   | Reached skill level 4 in Necromancy
 87891 | Tomb:1   | Reached skill level 7 in Translocations
 87910 | Tomb:1   | Reached skill level 5 in Necromancy
 88592 | Tomb:2   | Reached skill level 6 in Necromancy
 88629 | Tomb:2   | Reached skill level 8 in Translocations
 88633 | Tomb:1   | Reached skill level 7 in Necromancy
 88666 | Tomb:2   | HP: 58/244 [bennu (17)]
 88797 | Tomb:2   | Reached skill level 8 in Necromancy
 89171 | Tomb:1   | Reached skill level 9 in Translocations
 89346 | Tomb:1   | Reached skill level 9 in Necromancy
 89538 | Tomb:1   | Reached skill level 24 in Shields
 89675 | Tomb:1   | Upgraded the game from 0.18-a0-900-gbbf5c82 to 0.18-a0-912-g81d1dc4
 89760 | Tomb:1   | Reached skill level 10 in Necromancy
 89760 | Tomb:1   | Reached skill level 10 in Translocations
 89769 | Tomb:1   | HP: 47/240 [??? (24)]
 90139 | Tomb:1   | HP: 56/247 [??? (28)]
 90144 | Tomb:1   | Reached skill level 11 in Necromancy
 90144 | Tomb:1   | HP: 48/247 [poisoned by an emperor scorpion]
 90149 | Tomb:1   | HP: 44/247 [poisoned by an emperor scorpion]
 90167 | Tomb:1   | Reached skill level 11 in Translocations
 92201 | Tomb:3   | Entered Level 3 of the Tomb of the Ancients
 92240 | Tomb:3   | Noticed an ancient lich
 92266 | Tomb:3   | Reached skill level 12 in Necromancy
 92281 | Tomb:3   | Killed an ancient lich
 92290 | Tomb:3   | Reached skill level 7 in Charms
 92667 | Tomb:2   | Reached skill level 12 in Translocations
 92810 | Tomb:3   | Reached skill level 8 in Charms
 92845 | Tomb:3   | Got a jewelled long sword {vamp}
 92963 | Tomb:3   | Reached skill level 13 in Necromancy
 93153 | Tomb:3   | Got a smoking tin ring
 93154 | Tomb:3   | Identified the ring "Fumeun" {rPois rF+ Int+3} (You found it on level 3 of the Tomb of the Ancients)
 93159 | Tomb:3   | Identified Seun's Disquisition on Heat and Confrontation
 93166 | Tomb:3   | Learned a level 5 spell: Cigotuvi's Embrace
 93169 | Tomb:3   | Got a fine great mace
 93204 | Tomb:3   | Got a bone long sword
 93229 | Tomb:3   | Identified the Reference Book on Confrontation and Orientation
 93233 | Tomb:3   | Got a steaming glass ring
 93234 | Tomb:3   | Identified the ring of Greed {+/*Tele +Blink Int+3 Dex-3} (You found it on level 3 of the Tomb of the Ancients)
 93246 | Tomb:3   | Identified the Papyrus of Excruciating Fire
 93264 | Tomb:3   | Got a glittering iron ring
 93265 | Tomb:3   | Identified the ring of Benevolence {rPois rC+ Int+7 Stlth+} (You found it on level 3 of the Tomb of the Ancients)
 93407 | Tomb:3   | Got a golden rune of Zot
 94873 | Pan      | Entered Pandemonium
 94974 | Pan      | Reached skill level 9 in Charms
 94984 | Pan      | Noticed Kexzamn the pandemonium lord
 94986 | Pan      | Noticed MordorOrchid's ghost (legendary SpWz)
 94998 | Pan      | Killed Kexzamn the pandemonium lord
 95044 | Pan      | Killed MordorOrchid's ghost
 95044 | Pan      | Reached skill level 13 in Translocations
 95071 | Pan      | Identified a +4 rod of ignition (11/11) (You found it in Pandemonium)
 95091 | Pan      | Found an exit through the horrors of the Abyss.
 95351 | Pan      | Reached skill level 25 in Shields
 95832 | Pan      | Noticed Dorr the pandemonium lord
 95844 | Pan      | Killed Dorr the pandemonium lord
 96306 | Pan      | Reached skill level 10 in Charms
 96531 | Pan      | Reached skill level 14 in Translocations
 96569 | Pan      | Found an exit through the horrors of the Abyss.
 96805 | Pan      | Reached skill level 7 in Spellcasting
 96829 | Pan      | Noticed Zomink the pandemonium lord
 96836 | Pan      | Killed Zomink the pandemonium lord
 96854 | Pan      | Found an exit through the horrors of the Abyss.
 97141 | Pan      | Paralysed by accursed screaming for 2 turns
 97159 | Pan      | Got a faintly glowing long sword {venom}
 97470 | Pan      | Noticed Okozuh the pandemonium lord
 97480 | Pan      | Killed Okozuh the pandemonium lord
 97521 | Pan      | Reached skill level 8 in Spellcasting
 97596 | Pan      | Found an exit through the horrors of the Abyss.
 97935 | Pan      | Reached skill level 15 in Translocations
 98380 | Pan      | Found an exit through the horrors of the Abyss.
 98408 | Pan      | Reached skill level 11 in Charms
 98617 | Pan      | Found a runed door.
 98945 | Pan      | Reached skill level 9 in Spellcasting
 99225 | Pan      | HP: 60/241 [Brimstone Fiend/blast of hellfire (21)]
 99287 | Pan      | Noticed Yrou the pandemonium lord
 99301 | Pan      | Killed Yrou the pandemonium lord
 99301 | Pan      | Reached skill level 16 in Translocations
 99329 | Pan      | Noticed Tewk the pandemonium lord
 99335 | Pan      | Cast into level 5 of the Abyss (Tewk)
 99335 | Abyss:5  | Entered Level 5 of the Abyss
 99569 | Abyss:5  | Paralysed by accursed screaming for 1 turns
 99606 | Pan      | Escaped the Abyss
 99643 | Pan      | Reached skill level 10 in Spellcasting
 99691 | Pan      | HP: 46/241 [hellion/burst of hellfire (33)]
 99924 | Pan      | Reached skill level 12 in Charms
100151 | Pan      | Found an exit through the horrors of the Abyss.
100393 | Pan      | HP: 45/241 [hellion/burst of hellfire (25)]
100644 | Pan      | Found a white marble altar of Elyvilon.
101077 | Pan      | Reached skill level 17 in Translocations
101081 | Pan      | Found a glowing silver altar of Zin.
101530 | Pan      | Reached skill level 11 in Spellcasting
101671 | Pan      | Noticed a seraph
101690 | Pan      | Killed a seraph
101698 | Pan      | Found a glowing golden altar of the Shining One.
101903 | Pan      | Got a demonic rune of Zot
101908 | Pan      | Got a pair of pitted boots
101919 | Pan      | Identified the +2 pair of boots of the Gardener {+Inv rF++ Regen+ Stlth+} (You found it in Pandemonium)
101928 | Pan      | Got an encrusted bardiche
101939 | Pan      | Identified Zeowecow's Reference Book on Icy Attacks (You found it in Pandemonium)
101946 | Pan      | Got a shimmering scythe
101961 | Pan      | Identified the Guide on Glacial Battle Magic (You found it in Pandemonium)
102251 | Pan      | Reached skill level 13 in Charms
102387 | Pan      | Reached skill level 18 in Translocations
102542 | Pan      | Entered the realm of Gloorx Vloq.
102752 | Pan      | Raultor: haste
102752 | Pan      | Raultor: nice
102759 | Pan      | Learned a level 6 spell: Haste
102766 | Pan      | Learned a level 6 spell: Deflect Missiles
102766 | Pan      | casual: Don't you have some haste consumables?
102766 | Pan      | Raultor: yeah
102766 | Pan      | casual: I rarely learn haste, mostly use consumables to conserve slots.
102872 | Pan      | Raultor: ive never had a char so OP
102872 | Pan      | Raultor: first 15 rune win in sight
103049 | Pan      | Found an exit through the horrors of the Abyss.
103440 | Pan      | Reached skill level 12 in Spellcasting
103449 | Pan      | casual: Dump please.
103489 | Pan      | casual: #
103490 | Pan      | Noticed Gloorx Vloq
103490 | Pan      | casual: Here's tha nasty dude.
103490 | Pan      | casual: Be careful.
103491 | Pan      | casual: He is 1st or 2nd most nasty in game.
103491 | Pan      | casual: Depends on your build.
103491 | Pan      | casual: 1st for you probably.
103493 | Pan      | casual: 2nd is Lom.
103493 | Pan      | Raultor: so, strategy
103493 | Pan      | Raultor: should I just go and slap him
103493 | Pan      | Raultor: or what
103493 | Pan      | casual: Don't be in the open. Escape now, then lure him to you.
103493 | Pan      | casual: He'll probably slap you.
103514 | Pan      | Raultor: the spoty
103514 | Pan      | Raultor: the spot*
103514 | Pan      | Raultor: there, he will die
103539 | Pan      | casual: Hah, you can steal the rune now if you want.
103610 | Pan      | Killed Gloorx Vloq
103610 | Pan      | Raultor: EASY
103610 | Pan      | Raultor: gg no re
103621 | Pan      | Got a dark rune of Zot
103832 | Pan      | casual: KEK
103865 | Pan      | Entered the realm of Mnoleg.
103866 | Pan      | Raultor: wooo
103866 | Pan      | Raultor: spree
103866 | Pan      | casual: Mnoleg isn't that dangerous.
103913 | Pan      | casual: He's usually the easiest lord for me.
103995 | Pan      | Reached skill level 14 in Charms
104049 | Pan      | Gained mutation: Your body sometimes deteriorates upon taking damage. [a neqoxec]
104065 | Pan      | Gained mutation: You occasionally shout uncontrollably at your foes. [a neqoxec]
104066 | Pan      | Gained mutation: You sometimes yell uncontrollably at your foes. [a neqoxec]
104078 | Pan      | Raultor: neqoxec....
104078 | Pan      | Raultor: should I cure this
104078 | Pan      | Raultor: or not
104078 | Pan      | Raultor: shouting is not so bad
104078 | Pan      | Lost mutation: Your flesh is very cold resistant. [potion of cure mutation]
104078 | Pan      | Lost mutation: Armour fits poorly on your strangely shaped body. [potion of cure mutation]
104079 | Pan      | Lost mutation: You sometimes yell uncontrollably at your foes. [potion of cure mutation]
104079 | Pan      | Lost mutation: Your body sometimes deteriorates upon taking damage. [potion of cure mutation]
104079 | Pan      | Lost mutation: You occasionally shout uncontrollably at your foes. [potion of cure mutation]
104107 | Pan      | Noticed Mnoleg
104132 | Pan      | Paralysed by a giant eyeball for 3 turns
104135 | Pan      | Gained mutation: You are dopey. (Int -2) [Mnoleg's mutagenic touch]
104144 | Pan      | Killed Mnoleg
104144 | Pan      | Reached skill level 19 in Translocations
104197 | Pan      | Got a glowing rune of Zot
104436 | Pan      | Noticed Nepam the pandemonium lord
104445 | Pan      | Killed Nepam the pandemonium lord
104573 | Pan      | Entered the realm of Lom Lobon.
104662 | Pan      | Found an exit through the horrors of the Abyss.
104860 | Pan      | casual: Yay for Lom Lobon.
104932 | Pan      | Reached skill level 15 in Charms
104971 | Pan      | casual: He's a powerful caster. Tornado, glaciate, elec orbs.
104971 | Pan      | casual: Healing, blink.
104971 | Pan      | casual: You *need* rElec here.
104974 | Pan      | Raultor: bah
104974 | Pan      | casual: A potion of resistance will do.
104976 | Pan      | casual: Good.
105030 | Pan      | Raultor: potion so short
105030 | Pan      | Raultor: better quaff when he is on sight
105032 | Pan      | casual: Yes.
105045 | Pan      | Noticed Lom Lobon
105076 | Pan      | casual: Here are your orbs.
105077 | Pan      | Got a magical rune of Zot
105077 | Pan      | HP: 55/235 [Lom Lobon/great icy blast (12)]
105098 | Pan      | Raultor: RUN
105282 | Pan      | Killed Lom Lobon
105282 | Pan      | Reached skill level 13 in Spellcasting
105286 | Pan      | casual: Yay.
105288 | Pan      | Raultor: slap
105550 | Pan      | casual: All the other lords are easier than Glo and Lom.
105651 | Pan      | casual: Cerebov can throw some funny firestorms, but he doesn't have blink or healing.
105818 | Pan      | casual: You can die in Tomb though.
105869 | Pan      | casual: No lords there, but the environment is pretty uninviting overall.
105940 | Pan      | casual: Especially if you don't know what to expect.
105947 | Pan      | Raultor: Tomb was the hardest
105947 | Pan      | Raultor: even with rn+++
105962 | Pan      | Raultor: harder than tartarus
105979 | Pan      | casual: I usually try to get statueform or lichform before I go there.
106135 | Pan      | Noticed Zuverr the pandemonium lord
106202 | Pan      | Found an ancient bone altar of Kikubaaqudgha.
106224 | Pan      | Killed Zuverr the pandemonium lord
106275 | Pan      | Reached skill level 20 in Translocations
106491 | Pan      | Entered the realm of Cerebov.
106501 | Pan      | Reached skill level 16 in Charms
106511 | Pan      | Noticed Cerebov
106545 | Pan      | Killed Cerebov
106590 | Pan      | Got a fiery rune of Zot
106613 | Pan      | Got a faintly glowing plate armour
106624 | Pan      | Identified the +6 plate armour "Kamofoen" {Int+4} (You found it in Pandemonium)
106740 | Pan      | Got a slimy plate armour
106751 | Pan      | Identified the +1 plate armour of the Catamount {rN+ Int+2} (You found it in Pandemonium)
106807 | Pan      | Noticed Mennas
106820 | Pan      | Killed Mennas
106977 | Pan      | Noticed Boifaasa the pandemonium lord
106977 | Pan      | Found an exit through the horrors of the Abyss.
107019 | Pan      | Killed Boifaasa the pandemonium lord
107085 | Pan      | Reached skill level 14 in Spellcasting
107181 | Pan      | Noticed Dosone Socio the pandemonium lord
107190 | Pan      | Killed Dosone Socio the pandemonium lord
107301 | Depths:3 | Escaped Pandemonium
107305 | Pan      | Entered Pandemonium
107326 | Pan      | Reached skill level 17 in Charms
107489 | Pan      | Noticed Ezomuan the pandemonium lord
107508 | Pan      | Killed Ezomuan the pandemonium lord
107547 | Pan      | Noticed Ceaprokh the pandemonium lord
107571 | Pan      | Reached skill level 21 in Translocations
107593 | Pan      | Killed Ceaprokh the pandemonium lord
108075 | Pan      | Noticed Iwugy the pandemonium lord
108091 | Pan      | Killed Iwugy the pandemonium lord
108119 | Pan      | Reached skill level 15 in Spellcasting
108305 | Pan      | Found a runed door.
108315 | Pan      | Found a runed door.
108316 | Pan      | Found a runed door.
108316 | Pan      | Found a runed door.
108317 | Pan      | Noticed Jutimyxi the pandemonium lord
108330 | Pan      | Killed Jutimyxi the pandemonium lord
108432 | Pan      | Reached skill level 22 in Translocations
108659 | Pan      | Noticed Jaowuigast the pandemonium lord
108699 | Pan      | Killed Jaowuigast the pandemonium lord
108793 | Pan      | Noticed Bofrig the pandemonium lord
108815 | Pan      | Killed Bofrig the pandemonium lord
108923 | Pan      | Found an exit through the horrors of the Abyss.
109660 | Pan      | Raultor: damn this is boring
109781 | Pan      | Reached skill level 16 in Spellcasting
109878 | Pan      | Noticed Huazitwe the pandemonium lord
109888 | Pan      | Killed Huazitwe the pandemonium lord
109897 | Pan      | Reached skill level 23 in Translocations
110497 | Pan      | Found an exit through the horrors of the Abyss.
110795 | Pan      | Gained mutation: Your magical capacity is low (-10% MP). [a cacodemon]
110914 | Pan      | Noticed Peciusti the pandemonium lord
110931 | Pan      | Paralysed by a giant eyeball for 2 turns
110937 | Pan      | Killed Peciusti the pandemonium lord
111136 | Pan      | Found an exit through the horrors of the Abyss.
111263 | Pan      | Got a scorched amber ring
111264 | Pan      | Identified the ring of Xunno {rPois Dex+3} (You acquired it in Pandemonium)
111485 | Pan      | Reached skill level 17 in Spellcasting
111531 | Pan      | Reached skill level 24 in Translocations
111887 | Pan      | Found an exit through the horrors of the Abyss.
111888 | Pan      | Raultor: afk
112199 | Pan      | Noticed Mijuink the pandemonium lord
112211 | Pan      | Killed Mijuink the pandemonium lord
112287 | Pan      | Got an ebony rapier
112945 | Pan      | Found an exit through the horrors of the Abyss.
113034 | Pan      | Noticed Mekong the pandemonium lord
113047 | Pan      | Killed Mekong the pandemonium lord
113047 | Pan      | Reached skill level 25 in Translocations
113076 | Pan      | Reached skill level 18 in Spellcasting
113494 | Pan      | Noticed Ignacio
113508 | Pan      | Killed Ignacio
113849 | Pan      | Got an iridescent arbalest
113969 | Pan      | Found an exit through the horrors of the Abyss.
113991 | Pan      | Took an exit into the Abyss.
113991 | Abyss:1  | Escaped into the Abyss
114020 | Depths:3 | Escaped the Abyss
114360 | Zot:5    | Got the Orb of Zot
115088 | D:$      | Escaped with the Orb!

Vault maps used:
D:1:      scummos_arrival_star
D:2:      nemelex_deck, first_bread
D:3:      lemuel_round_altar, uniq_crazy_yiuf_cottage
D:4:      tgw_trog
D:5:      kennysheep_steamy, minmay_temple_entry_grid, serial_bayou_lake_a
D:6:      nicolae_overflow_hidden_temple
D:7:      grunt_gozag_breadcrumbs, nicolae_ossuary_entry_ruins
D:9:      grunt_dithmenos_smoke_and_mirrors, minmay_overflow_temple_star_quad,
          minmay_lair_entry_grove
D:10:     statuecave_lemuel
D:11:     hiddenorc1_lemuel, serial_shops, shop, lab_entry_generic,
          portal_ice_cave_entry_pillars_01
D:12:     blue_anna_alchemist, serial_park_tiny_pond
D:13:     uniq_sonja
D:14:     hangedman_screamer, david_vaults_4, minmay_misc_feat_doors,
          hangedman_batty
D:15:     grunt_enter_depths_magical_seal, hangedman_abyss_or_decor_stagger
Temple:   triangle_lava_temple_11
Lair:1:   minmay_hedge_maze, uniq_gastronok, uniq_harold
Lair:2:   st_stairs_10
Lair:3:   lemuel_slime, st_stairs_3, minivault_29
Lair:4:   infiniplex_staircase_pool
Lair:5:   beast_lair_carwin_large_3, spider_nest_entry_rubble,
          minmay_lair_drake_nest
Lair:6:   swamp_mist_pool, slime_dummy, basic_altar, st_stairs_12
Lair:8:   hangedman_lair_tendril_chambers, uniq_snorg
Swamp:1:  hangedman_swamp_ruin_wall
Swamp:2:  evilmike_swamp_ruin_house_6, swamp_pool3
Swamp:3:  serial_swamp_ruin, evilmike_swamp_ruin_rubble_2,
          evilmike_swamp_ruin_rubble_1, evilmike_swamp_ruin_house_3, swamp_pool2
Swamp:4:  swamp_basic_johnstein
Spider:1: spider_trap, uniq_nikola
Spider:2: nicolae_spider_shape, uniq_arachne
Spider:3: cheibrodos_spider_creepycove, spider_trap, uniq_roxanne
Spider:4: grunt_spider_rune_circles, nicolae_looking_at_the_future
Slime:3:  uniq_dissolution
Slime:5:  cheibrodos_slime_lost_civilization_7
Orc:1:    enter_volcano_3, uniq_erolcha
Orc:2:    st_orc_pillars, serial_shops, shop, roderic_batcave, uniq_maud,
          uniq_donald, uniq_nessos
Elf:1:    kennysheep_underground_church, lemuel_flame_loot_1, grunt_megastairs_2
Elf:2:    serial_shops, bzr_entry_dummy
Elf:3:    elf_hall_gauntlet_wide, elf_orc_summit_meeting,
          basic_stair_grate_trap, uniq_asterion, uniq_norris, uniq_louise,
          uniq_saint_roka
Vaults:1: ontoclasm_vaults_shuriken, vaults_room_semicircle,
          hangedman_vaults_stagger, v_alt_pattern_2, vaults_dpeg_encased_lava,
          ontoclasm_vaults_fault, vaults_room_stairs_pillars,
          vaults_room_mumra_shop_pool, serial_shops,
          nicolae_shop_competitors_out_of_business, shop
Vaults:2: hangedman_vaults_stitches, nicolae_vaults_little_squares_2,
          minmay_crypt_entry_skeletal_spiral, vaults_standard_mumra_lines,
          nicolae_vaults_asterisk, hangedman_vaults_pinch, vaults_mumra_chevron,
          nicolae_vaults_mini_display_case, vaults_room_stairs_pillars,
          nicolae_vaults_circle_grid_a, st_spiral_rooms, v_misc_17, v_misc_12,
          ontoclasm_vaults_loading_screen, v_misc_10, serial_shops,
          nicolae_shop_waterfront
Vaults:3: v_misc_2, vaults_room_fours, v_misc_12, st_check, grunt_vaults_focal,
          vaults_room_corners, nicolae_vaults_ninety_degrees,
          vaults_room_grunt_arrival_ludios, vaults_dpeg_diagonal, basic_altar
Vaults:4: vaults_mumra_minichess_inversion, v_alt_pattern_1,
          grunt_vaults_funnel, nicolae_vaults_c_with_doors, vaults_room_boxed,
          ontoclasm_vaults_loading_screen, v_alt_pattern_6,
          nicolae_vaults_little_squares_1, nicolae_vaults_yaktaur_gun_rack,
          serial_shops, shop, uniq_mara, uniq_xtahua
Vaults:5: serial_shops
Crypt:1:  st_stairs_4, minivault_14, grunt_crypt_arrival_webbed,
          roderic_lattice_octagonal_star
Crypt:2:  st_shrine_of_skulls
Crypt:3:  david_glass_crypt, tomb_entry_simple_bobbens, st_small_mortuary,
          uniq_sojobo
Depths:1: hangedman_decor_opposing, pf_coc_iceberg, minivault_14,
          nooodl_food_tri, kennysheep_random_hallway, grunt_megastairs_3,
          uniq_jorgrun
Depths:2: grated_community_mu, abyss_entry, mu_enter_wizlab_7, minmay_holes,
          pf_hell_entry_tar_spiral, hangedman_elemental_death_ray,
          infiniplex_staircase_diamond, serial_bayou_shore_a
Depths:3: minmay_octo_star, rand_demon_pan_entry_8, hell_entry, serial_shops,
          nicolae_shop_competitors_out_of_business, roderic_roman_lattice,
          minmay_staircase_statues
Depths:4: minmay_haunted_quarter, grunt_hell_entry_dis_mu,
          abyss_entry_flame_altar, corexii_hall_statues_l, item_on_display_a,
          uniq_enchantress, uniq_frederick
Depths:5: grunt_crosshair, enter_ziggurat_c, grunt_mini_vestibule,
          serial_sigils_hangedman_gnaw, grunt_ministairs_4, minmay_statues_item,
          nicolae_lava_and_water
Dis:7:    dis_st
Geh:4:    hangedman_mysterious_dungeon_monster_house
Geh:5:    hangedman_elemental_grid_stream, lemuel_elevator
Geh:7:    evilmike_geh
Nor:7:    coc_old
Tar:1:    nicolae_tar_cuneiform_heaven
Tar:3:    door_vault
Tar:5:    nicolae_tar_cuneiform_heaven
Tar:6:    evilmike_ambush
Tar:7:    tar_mu
Zot:1:    st_single_dragon_hoard_3, st_small_dragon_hoard_2, lemuel_lich_library
Zot:3:    circus_mu, zot_minivault_7
Zot:4:    zot_minivault_8
Abyss:1:  evilmike_abyss_exit_1
Abyss:4:  hangedman_abyss_town, evilmike_abyss_rune_elephants, minivault_24
Abyss:5:  guppyfry_abyss_exit_imp_island, hangedman_decor_lopped,
          evilmike_abyss_exit_1
Pan:      evilmike_mini_pan_layers, evilmike_mini_pan_possible_glass,
          pan_blood_fountain, evilmike_mini_pan_pillars_b, rand_demon_2,
          rand_demon_9, pan_blood_fountain_small, lemuel_hellion_island,
          nicolae_pan_sigil_obb, nicolae_pan_cerebovesque_4, evilmike_holy_pan,
          gloorx_vloq_grunt, mnoleg, pan_blood_fountain_small, grunt_pan_zigzag,
          evilmike_mini_pan_other_thingy, nicolae_pan_gloorx_vloqian_2,
          evilmike_mini_pan_corridor, uniq_mennas_pan, lom_lobon,
          grunt_pan_zigzag, pan_blood_fountain_small,
          nicolae_pan_cerebovesque_3, reaverb_pan_chaos_star,
          evilmike_mini_pan_branches, evilmike_mini_pan_pillars,
          evilmike_mini_pan_pillars_b, rand_demon_9, pan_blood_fountain,
          evilmike_mini_pan_diamond, nicolae_pan_mnolegish_2,
          nicolae_pan_giant_door, lemuel_draining_boxes, pan_blood_fountain,
          cerebov, uniq_mennas_pan, rand_demon_3, pan_blood_fountain,
          pan_blood_fountain_small, rand_demon_2, nicolae_pan_giant_door,
          evilmike_mini_pan_branches, rand_demon_3, lemuel_hall_of_pain,
          reaverb_pan_squares, nicolae_pan_mnolegish_2, evilmike_mini_pan_doors,
          grunt_pan_pentagram, rand_demon_7, evilmike_mini_pan_doors,
          grunt_pan_pentagram, pan_blood_fountain, nicolae_pan_hourglass,
          evilmike_mini_pan_diamond, evilmike_mini_pan_doors,
          pan_blood_fountain_small, nicolae_pan_cerebovesque_4,
          evilmike_mini_pan_diamond, rand_demon_4, pan_blood_fountain,
          nicolae_pan_mnolegish_3, evilmike_mini_pan_corner,
          nicolae_pan_sigil_uleosi, rand_demon_1, pan_blood_fountain_small,
          evilmike_mini_pan_corner, rand_demon_2, pan_blood_fountain_small,
          evilmike_mini_pan_murderfest, nicolae_pan_gloorx_vloqian_3,
          nicolae_pan_sigil_eeng, evilmike_mini_pan_possible_glass,
          grunt_pan_zigzag, uniq_ignacio, pan_captured_pigsty, rand_demon_3,
          nicolae_pan_door_chamber, evilmike_mini_pan_thingy, uniq_ignacio,
          evilmike_mini_pan_layers, nicolae_pan_hourglass,
          evilmike_mini_pan_rooms, evilmike_mini_pan_thingy, rand_demon_5,
          uniq_ignacio, evilmike_mini_pan_branches, rand_demon_1, pan_surprise,
          nicolae_pan_mnolegish_3
Bazaar:   bazaar_minmay_generic_island
Ossuary:  minmay_ossuary_two_tombs
IceCv:    ice_cave_small_giant
Volcano:  volcano_grotto
WizLab:   wizlab_demon

Action                   |  1- 3 |  4- 6 |  7- 9 | 10-12 | 13-15 | 16-18 | 19-21 | 22-24 | 25-27 || total
-------------------------+-------+-------+-------+-------+-------+-------+-------+-------+-------++-------
Melee: Unarmed           |   163 |   334 |   676 |  1193 |  1919 |  2270 |  2543 |  2943 | 16199 || 28240
 Cast: Repel Missiles    |       |       |       |       |     5 |       |       |       |     9 ||    14
       Swiftness         |       |       |       |       |     1 |     1 |       |       |     3 ||     5
       Regeneration      |       |       |       |       |       |       |       |       |    60 ||    60
       Haste             |       |       |       |       |       |       |       |       |    15 ||    15
       Shroud of Golubri |       |       |       |       |       |       |       |       |     8 ||     8
       Cigotuvi's Embrac |       |       |       |       |       |       |       |       |     8 ||     8
       Conjure Flame     |       |       |       |       |       |       |       |       |     1 ||     1
       Dispel Undead     |       |       |       |       |       |       |       |       |     1 ||     1
Invok: Lesser Servant of |       |       |       |     6 |     2 |       |     1 |       |       ||     9
       Greater Servant o |       |       |       |     2 |     8 |     8 |    11 |     1 |     2 ||    32
 Abil: Evoke Flight      |       |       |       |       |       |       |     1 |     3 |     5 ||     9
       Stop Flying       |       |       |       |       |       |       |       |     4 |     5 ||     9
       Evoke Invisibilit |       |       |       |       |       |       |       |       |     9 ||     9
Evoke: Wand              |       |       |       |       |     2 |     2 |     1 |     2 |    28 ||    35
       Stone of tremors  |       |       |       |       |       |     1 |       |       |       ||     1
       Phial of floods   |       |       |       |       |       |       |     2 |     2 |     5 ||     9
       Lamp of fire      |       |       |       |       |       |       |       |     2 |     5 ||     7
       Rod               |       |       |       |       |       |       |       |       |     3 ||     3
       Horn of Geryon    |       |       |       |       |       |       |       |       |     2 ||     2
       Figurine of a zig |       |       |       |       |       |       |       |       |     1 ||     1
  Use: Potion            |       |       |     7 |     4 |     6 |     3 |       |     1 |    36 ||    57
       Scroll            |       |       |       |    13 |    26 |    12 |    10 |     6 |    37 ||   104
 Stab: Sleeping          |     8 |     8 |     6 |     5 |     9 |     1 |     5 |       |     4 ||    46
       Distracted        |       |       |       |     8 |     5 |     5 |     4 |     6 |    15 ||    43
       Invisible         |       |       |       |       |     7 |       |       |     2 |    31 ||    40
       Confused          |       |       |       |       |       |     1 |       |       |       ||     1
       Petrified         |       |       |       |       |       |       |       |       |     4 ||     4
  Eat: Chunk             |     2 |     6 |    11 |    20 |    38 |    30 |    37 |    22 |    98 ||   264
       Royal jelly       |       |     1 |       |       |       |     2 |     1 |     1 |     3 ||     8
       Bread ration      |       |       |     1 |       |       |       |       |       |    17 ||    18
       Pizza             |       |       |       |       |     1 |       |       |       |       ||     1
       Meat ration       |       |       |       |       |       |       |     1 |     2 |     5 ||     8
       Beef jerky        |       |       |       |       |       |       |       |     2 |    29 ||    31

Vault maps used:
D:1:      scummos_arrival_star
D:2:      nemelex_deck, first_bread
D:3:      lemuel_round_altar, uniq_crazy_yiuf_cottage
D:4:      tgw_trog
D:5:      kennysheep_steamy, minmay_temple_entry_grid, serial_bayou_lake_a
D:6:      nicolae_overflow_hidden_temple
D:7:      grunt_gozag_breadcrumbs, nicolae_ossuary_entry_ruins
D:9:      grunt_dithmenos_smoke_and_mirrors, minmay_overflow_temple_star_quad,
          minmay_lair_entry_grove
D:10:     statuecave_lemuel
D:11:     hiddenorc1_lemuel, serial_shops, shop, lab_entry_generic,
          portal_ice_cave_entry_pillars_01
D:12:     blue_anna_alchemist, serial_park_tiny_pond
D:13:     uniq_sonja
D:14:     hangedman_screamer, david_vaults_4, minmay_misc_feat_doors,
          hangedman_batty
D:15:     grunt_enter_depths_magical_seal, hangedman_abyss_or_decor_stagger
Temple:   triangle_lava_temple_11
Lair:1:   minmay_hedge_maze, uniq_gastronok, uniq_harold
Lair:2:   st_stairs_10
Lair:3:   lemuel_slime, st_stairs_3, minivault_29
Lair:4:   infiniplex_staircase_pool
Lair:5:   beast_lair_carwin_large_3, spider_nest_entry_rubble,
          minmay_lair_drake_nest
Lair:6:   swamp_mist_pool, slime_dummy, basic_altar, st_stairs_12
Lair:8:   hangedman_lair_tendril_chambers, uniq_snorg
Swamp:1:  hangedman_swamp_ruin_wall
Swamp:2:  evilmike_swamp_ruin_house_6, swamp_pool3
Swamp:3:  serial_swamp_ruin, evilmike_swamp_ruin_rubble_2,
          evilmike_swamp_ruin_rubble_1, evilmike_swamp_ruin_house_3, swamp_pool2
Swamp:4:  swamp_basic_johnstein
Spider:1: spider_trap, uniq_nikola
Spider:2: nicolae_spider_shape, uniq_arachne
Spider:3: cheibrodos_spider_creepycove, spider_trap, uniq_roxanne
Spider:4: grunt_spider_rune_circles, nicolae_looking_at_the_future
Slime:3:  uniq_dissolution
Slime:5:  cheibrodos_slime_lost_civilization_7
Orc:1:    enter_volcano_3, uniq_erolcha
Orc:2:    st_orc_pillars, serial_shops, shop, roderic_batcave, uniq_maud,
          uniq_donald, uniq_nessos
Elf:1:    kennysheep_underground_church, lemuel_flame_loot_1, grunt_megastairs_2
Elf:2:    serial_shops, bzr_entry_dummy
Elf:3:    elf_hall_gauntlet_wide, elf_orc_summit_meeting,
          basic_stair_grate_trap, uniq_asterion, uniq_norris, uniq_louise,
          uniq_saint_roka
Vaults:1: ontoclasm_vaults_shuriken, vaults_room_semicircle,
          hangedman_vaults_stagger, v_alt_pattern_2, vaults_dpeg_encased_lava,
          ontoclasm_vaults_fault, vaults_room_stairs_pillars,
          vaults_room_mumra_shop_pool, serial_shops,
          nicolae_shop_competitors_out_of_business, shop
Vaults:2: hangedman_vaults_stitches, nicolae_vaults_little_squares_2,
          minmay_crypt_entry_skeletal_spiral, vaults_standard_mumra_lines,
          nicolae_vaults_asterisk, hangedman_vaults_pinch, vaults_mumra_chevron,
          nicolae_vaults_mini_display_case, vaults_room_stairs_pillars,
          nicolae_vaults_circle_grid_a, st_spiral_rooms, v_misc_17, v_misc_12,
          ontoclasm_vaults_loading_screen, v_misc_10, serial_shops,
          nicolae_shop_waterfront
Vaults:3: v_misc_2, vaults_room_fours, v_misc_12, st_check, grunt_vaults_focal,
          vaults_room_corners, nicolae_vaults_ninety_degrees,
          vaults_room_grunt_arrival_ludios, vaults_dpeg_diagonal, basic_altar
Vaults:4: vaults_mumra_minichess_inversion, v_alt_pattern_1,
          grunt_vaults_funnel, nicolae_vaults_c_with_doors, vaults_room_boxed,
          ontoclasm_vaults_loading_screen, v_alt_pattern_6,
          nicolae_vaults_little_squares_1, nicolae_vaults_yaktaur_gun_rack,
          serial_shops, shop, uniq_mara, uniq_xtahua
Vaults:5: serial_shops
Crypt:1:  st_stairs_4, minivault_14, grunt_crypt_arrival_webbed,
          roderic_lattice_octagonal_star
Crypt:2:  st_shrine_of_skulls
Crypt:3:  david_glass_crypt, tomb_entry_simple_bobbens, st_small_mortuary,
          uniq_sojobo
Depths:1: hangedman_decor_opposing, pf_coc_iceberg, minivault_14,
          nooodl_food_tri, kennysheep_random_hallway, grunt_megastairs_3,
          uniq_jorgrun
Depths:2: grated_community_mu, abyss_entry, mu_enter_wizlab_7, minmay_holes,
          pf_hell_entry_tar_spiral, hangedman_elemental_death_ray,
          infiniplex_staircase_diamond, serial_bayou_shore_a
Depths:3: minmay_octo_star, rand_demon_pan_entry_8, hell_entry, serial_shops,
          nicolae_shop_competitors_out_of_business, roderic_roman_lattice,
          minmay_staircase_statues
Depths:4: minmay_haunted_quarter, grunt_hell_entry_dis_mu,
          abyss_entry_flame_altar, corexii_hall_statues_l, item_on_display_a,
          uniq_enchantress, uniq_frederick
Depths:5: grunt_crosshair, enter_ziggurat_c, grunt_mini_vestibule,
          serial_sigils_hangedman_gnaw, grunt_ministairs_4, minmay_statues_item,
          nicolae_lava_and_water
Dis:7:    dis_st
Geh:4:    hangedman_mysterious_dungeon_monster_house
Geh:5:    hangedman_elemental_grid_stream, lemuel_elevator
Geh:7:    evilmike_geh
Nor:7:    coc_old
Tar:1:    nicolae_tar_cuneiform_heaven
Tar:3:    door_vault
Tar:5:    nicolae_tar_cuneiform_heaven
Tar:6:    evilmike_ambush
Tar:7:    tar_mu
Zot:1:    st_single_dragon_hoard_3, st_small_dragon_hoard_2, lemuel_lich_library
Zot:3:    circus_mu, zot_minivault_7
Zot:4:    zot_minivault_8
Abyss:1:  evilmike_abyss_exit_1
Abyss:4:  hangedman_abyss_town, evilmike_abyss_rune_elephants, minivault_24
Abyss:5:  guppyfry_abyss_exit_imp_island, hangedman_decor_lopped,
          evilmike_abyss_exit_1
Pan:      evilmike_mini_pan_layers, evilmike_mini_pan_possible_glass,
          pan_blood_fountain, evilmike_mini_pan_pillars_b, rand_demon_2,
          rand_demon_9, pan_blood_fountain_small, lemuel_hellion_island,
          nicolae_pan_sigil_obb, nicolae_pan_cerebovesque_4, evilmike_holy_pan,
          gloorx_vloq_grunt, mnoleg, pan_blood_fountain_small, grunt_pan_zigzag,
          evilmike_mini_pan_other_thingy, nicolae_pan_gloorx_vloqian_2,
          evilmike_mini_pan_corridor, uniq_mennas_pan, lom_lobon,
          grunt_pan_zigzag, pan_blood_fountain_small,
          nicolae_pan_cerebovesque_3, reaverb_pan_chaos_star,
          evilmike_mini_pan_branches, evilmike_mini_pan_pillars,
          evilmike_mini_pan_pillars_b, rand_demon_9, pan_blood_fountain,
          evilmike_mini_pan_diamond, nicolae_pan_mnolegish_2,
          nicolae_pan_giant_door, lemuel_draining_boxes, pan_blood_fountain,
          cerebov, uniq_mennas_pan, rand_demon_3, pan_blood_fountain,
          pan_blood_fountain_small, rand_demon_2, nicolae_pan_giant_door,
          evilmike_mini_pan_branches, rand_demon_3, lemuel_hall_of_pain,
          reaverb_pan_squares, nicolae_pan_mnolegish_2, evilmike_mini_pan_doors,
          grunt_pan_pentagram, rand_demon_7, evilmike_mini_pan_doors,
          grunt_pan_pentagram, pan_blood_fountain, nicolae_pan_hourglass,
          evilmike_mini_pan_diamond, evilmike_mini_pan_doors,
          pan_blood_fountain_small, nicolae_pan_cerebovesque_4,
          evilmike_mini_pan_diamond, rand_demon_4, pan_blood_fountain,
          nicolae_pan_mnolegish_3, evilmike_mini_pan_corner,
          nicolae_pan_sigil_uleosi, rand_demon_1, pan_blood_fountain_small,
          evilmike_mini_pan_corner, rand_demon_2, pan_blood_fountain_small,
          evilmike_mini_pan_murderfest, nicolae_pan_gloorx_vloqian_3,
          nicolae_pan_sigil_eeng, evilmike_mini_pan_possible_glass,
          grunt_pan_zigzag, uniq_ignacio, pan_captured_pigsty, rand_demon_3,
          nicolae_pan_door_chamber, evilmike_mini_pan_thingy, uniq_ignacio,
          evilmike_mini_pan_layers, nicolae_pan_hourglass,
          evilmike_mini_pan_rooms, evilmike_mini_pan_thingy, rand_demon_5,
          uniq_ignacio, evilmike_mini_pan_branches, rand_demon_1, pan_surprise,
          nicolae_pan_mnolegish_3
Bazaar:   bazaar_minmay_generic_island
Ossuary:  minmay_ossuary_two_tombs
IceCv:    ice_cave_small_giant
Volcano:  volcano_grotto
WizLab:   wizlab_demon

Table legend:
 A = Turns spent in this place as a percentage of turns spent in the entire game.
 B = Non-inter-level travel turns spent in this place as a percentage of non-inter-level travel turns spent in the entire game.
 C = Inter-level travel turns spent in this place as a percentage of turns spent in this place.
 D = Turns resting spent in this place as a percentage of non-inter-level travel turns spent in this place.
 E = Turns spent auto-exploring this place as a percentage of non-inter-level travel turns spent in this place.
 F = Non-inter-level travel turns spent in this place divided by the number of levels of this place that you've seen.
                   A       B       C       D       E      F
               +-------+-------+-------+-------+-------+----------------------
         Total | 100.0 | 100.0 |   0.5 |   0.6 |   6.0 | 357.3
       Dungeon |   9.0 |   8.9 |   1.3 |   1.0 |   7.8 | 332.5
        Temple |   0.1 |   0.1 |   4.9 |   0.0 |  20.5 |  39.0
          Lair |   5.9 |   5.8 |   1.1 |   1.0 |   6.7 | 406.1
         Swamp |   2.0 |   2.0 |   0.4 |   0.2 |   8.8 | 283.5
   Spider Nest |   3.4 |   3.4 |   0.4 |   0.4 |   5.0 | 468.2
    Slime Pits |   2.1 |   2.1 |   0.4 |   2.1 |   3.3 | 192.0
  Orcish Mines |   1.9 |   1.9 |   0.9 |   0.7 |   7.8 | 537.5
   Elven Halls |   6.3 |   6.3 |   0.4 |   1.2 |   3.9 | 1175.7
        Vaults |   6.0 |   6.0 |   0.5 |   0.4 |   8.6 | 664.2
         Crypt |   2.5 |   2.5 |   0.5 |   0.0 |   7.8 | 469.0
          Tomb |   4.7 |   4.6 |   0.8 |   1.9 |   4.3 | 862.7
        Depths |   8.2 |   8.2 |   0.5 |   0.8 |   6.3 | 916.6
          Hell |   1.5 |   1.5 |   1.2 |   0.0 |   1.9 | 846.0
           Dis |   4.0 |   4.0 |   0.4 |   1.6 |   6.5 | 316.3
       Gehenna |   4.0 |   4.0 |   0.2 |   0.3 |   5.9 | 321.0
    North Pole |   4.8 |   4.8 |   0.4 |   0.0 |   4.9 | 379.9
      Tartarus |   4.0 |   4.0 |   0.2 |   0.2 |   6.6 | 316.6
           Zot |   5.9 |   5.9 |   0.6 |   0.0 |   4.5 | 652.6
         Abyss |   3.6 |   3.7 |   0.0 |   0.2 |   2.7 | 680.7
   Pandemonium |  18.4 |  18.5 |   0.0 |   0.2 |   6.4 | 187.4
        Bazaar |   0.1 |   0.1 |   0.0 |   0.0 |  16.7 |  48.0
       Ossuary |   0.6 |   0.6 |   0.0 |   0.0 |   5.3 | 337.0
      Ice Cave |   0.2 |   0.2 |   0.0 |   0.0 |   1.1 |  87.0
       Volcano |   0.2 |   0.2 |   0.0 |   0.0 |   6.9 | 131.0
        Wizlab |   0.7 |   0.7 |   0.0 |   0.0 |   3.8 | 399.0
               +-------+-------+-------+-------+-------+----------------------

Table legend:
 A = Kills in this place as a percentage of kills in entire the game.
 B = Kills by you in this place as a percentage of kills by you in the entire game.
 C = Kills by friends in this place as a percentage of kills by friends in the entire game.
 D = Other kills in this place as a percentage of other kills in the entire game.
 E = Experience gained in this place as a percentage of experience gained in the entire game.
 F = Experience gained in this place divided by the number of levels of this place that you have seen.
                   A       B       C       D       E      F
               +-------+-------+-------+-------+-------+----------------------
         Total | 100.0 | 100.0 | 100.0 | 100.0 | 100.0 | 31569.7
       Dungeon |   7.3 |   7.4 |   2.9 |   7.3 |   2.1 | 6873.8
          Lair |   5.6 |   5.3 |  24.5 |   0.0 |   1.5 | 9202.1
         Swamp |   2.7 |   2.2 |  24.5 |   1.2 |   1.2 | 14613.2
   Spider Nest |   3.2 |   3.3 |   1.4 |   3.7 |   1.7 | 21465.5
    Slime Pits |   2.8 |   2.9 |   0.0 |   0.0 |   2.2 | 18403.7
  Orcish Mines |   2.4 |   1.9 |  28.8 |   2.4 |   0.5 | 12197.5
   Elven Halls |   3.3 |   3.1 |   7.9 |  12.2 |   3.4 | 55211.7
        Vaults |   6.8 |   6.6 |   5.8 |  24.4 |   6.8 | 66541.8
         Crypt |   2.6 |   2.6 |   0.0 |   0.0 |   3.1 | 50476.0
          Tomb |   4.8 |   4.9 |   1.4 |   2.4 |   8.0 | 131593.0
        Depths |   7.6 |   7.7 |   0.7 |  17.1 |   7.9 | 78236.2
          Hell |   1.4 |   1.4 |   0.7 |   1.2 |   1.0 | 48223.0
           Dis |   4.6 |   4.8 |   0.0 |   1.2 |   5.9 | 41530.7
       Gehenna |   4.9 |   5.0 |   0.0 |   2.4 |   4.5 | 31505.3
    North Pole |   6.8 |   6.9 |   0.0 |   4.9 |   6.4 | 45321.9
      Tartarus |   5.5 |   5.7 |   0.0 |   0.0 |   5.7 | 40233.6
           Zot |   4.4 |   4.5 |   0.0 |   2.4 |  10.2 | 100574.8
         Abyss |   4.2 |   4.3 |   0.0 |   0.0 |   3.2 | 51945.7
   Pandemonium |  17.8 |  18.2 |   0.0 |  17.1 |  24.2 | 21691.7
       Ossuary |   0.6 |   0.6 |   0.0 |   0.0 |   0.0 | 372.0
      Ice Cave |   0.1 |   0.1 |   1.4 |   0.0 |   0.0 | 1031.0
       Volcano |   0.2 |   0.2 |   0.0 |   0.0 |   0.1 | 2859.0
        Wizlab |   0.3 |   0.4 |   0.0 |   0.0 |   0.4 | 18909.0
               +-------+-------+-------+-------+-------+----------------------
